 Dungeon Crawl Stone Soup version 0.31-a0-1370-gf52a5a9ab3 (webtiles) character file.

Game seed: 8970235528832168102

16927200 SlaveLabor the Intangible (level 27, 291/291 HPs)
             Began as an Octopode Fighter on Dec 22, 2023.
             Was the Champion of the Shining One.
             Escaped with the Orb
             ... and 15 runes on Dec 23, 2023!
             The game lasted 05:20:48 (91652 turns).

SlaveLabor the Intangible (Octopode Fighter)       Turns: 91652, Time: 05:20:48

Health: 291/291    AC: 42    Str: 20    XL:     27
Magic:  48/48      EV: 62    Int: 12    God:    the Shining One [******]
Gold:   6131       SH: 42    Dex: 47    Spells: 50/58 levels left

rFire   + . .        D - +9 double sword (holy)
rCold   + + +        d - +8 tower shield {rC+}
rNeg    + + +        Y - +0 hat "Cistreh" {+Blink}
rPois   ∞            k - amulet of regeneration
rElec   +            b - +6 ring of dexterity
rCorr   +            s - +6 ring of dexterity
SInv    +            X - ring of Ublinogap {rC+ Dex+6 Stlth+}
Will    ++...        C - ring of Leaves {rF+ MP+9 Str+3}
Stlth   +            G - +4 ring of protection
HPRegen 1.48/turn    r - ring of willpower
MPRegen 0.31/turn    K - ring of Dutom {Str+3 Dex+6 SInv}
                     J - ring of Xuxudamu {rPois rC+++ Will- rCorr Int+6}

%: clarity
@: statue-form, glowing, studying 2 skills, very slow
A: slow and powerful, torment resistance 1, boosted hp, almost no armour,
amphibious, 8 rings, camouflage 1, (gelatinous body 1), (nimble swimmer 1),
tentacles, antennae 1, clarity, clumsy 1, deterioration 1, dopey 2, low MP 1,
sense surroundings 1, weak 1, inability to drink after injury 1, persistent
drain
0: Orb of Zot
}: 15/15 runes: decaying, slimy, silver, golden, iron, obsidian, icy, bone,
abyssal, demonic, glowing, magical, fiery, dark, gossamer
a: Begin Untransformation, Renounce Religion, Evoke Blink, Divine Shield,
Cleansing Flame, Summon Divine Warrior


You escaped.
You worshipped the Shining One.
The Shining One was exalted by your worship.
You were a living statue of rough stone.
You visited 18 branches of the dungeon, and saw 88 of its levels.
You visited Pandemonium 1 time, and saw 11 of its levels.
You visited the Abyss 3 times.
You visited 1 bazaar.
You also visited: Gauntlet, Ice Cave and Volcano.

You collected 33783 gold pieces.
You spent 7297 gold pieces at shops.
You paid 20355 gold pieces to Gozag.

Inventory:

Hand Weapons
 p - a +0 double sword of venom
 D - a +9 double sword of holy wrath (weapon)
Missiles
 z - 9 silver javelins
Armour
 d - a +8 tower shield of cold resistance (worn)
 Y - the +0 hat "Cistreh" (worn) {+Blink}
   (You found it on level 1 of the Elven Halls)

   +Blink:    It lets you blink.
Jewellery
 a - the ring "Wofugaev" {Fly rC+ rN++ Str-4}
   (You found it on level 2 of the Swamp)

   [ring of flight]

   Str-4:     It affects your strength (-4).
   rC+:       It protects you from cold.
   rN++:      It greatly protects you from negative energy.
   Fly:       It grants you flight.
 b - a +6 ring of dexterity (left tentacle)
 k - an amulet of regeneration (around mantle)
 r - a ring of willpower (on tentacle)
 s - a +6 ring of dexterity (right tentacle)
 C - the ring of Leaves (on tentacle) {rF+ MP+9 Str+3}
   (You found it on level 7 of the Iron City of Dis)

   [ring of magical power]

   Str+3:     It affects your strength (+3).
   rF+:       It protects you from fire.
   MP+9:      It affects your magic capacity (+9).
 G - a +4 ring of protection (on tentacle)
 J - the ring of Xuxudamu (on tentacle) {rPois rC+++ Will- rCorr Int+6}
   (You bought it in a shop on level 3 of the Vaults)

   [ring of intelligence]

   Int+6:     It affects your intelligence (+6).
   rC+++:     It renders you almost immune to cold.
   rPois:     It protects you from poison Will-: It decreases your willpower.
   rCorr:     It protects you from acid and corrosion.
 K - the ring of Dutom (on tentacle) {Str+3 Dex+6 SInv}
   (You bought it in a shop on level 3 of the Vaults)

   [ring of dexterity]

   Str+3:     It affects your strength (+3).
   Dex+6:     It affects your dexterity (+6).
   SInv:      It lets you see invisible.
 M - a ring of protection from fire
 N - the ring of Brilliance {+Blink rC- EV+5 Str+3}
   (You found it on level 3 of the Elven Halls)

   [ring of evasion]

   EV+5:      It affects your evasion (+5).
   Str+3:     It affects your strength (+3).
   rC-:       It makes you vulnerable to cold.
   +Blink:    It lets you blink.
 S - the ring of Voang {rF+ rC+ Dex+2}
   (You found it on level 7 of the Iron City of Dis)

   [ring of protection from fire]

   Dex+2:     It affects your dexterity (+2).
   rF+:       It protects you from fire.
   rC+:       It protects you from cold.
 X - the ring of Ublinogap (on tentacle) {rC+ Dex+6 Stlth+}
   (You found it on level 3 of the Elven Halls)

   [ring of dexterity]

   Dex+6:     It affects your dexterity (+6).
   rC+:       It protects you from cold.
   Stlth+:    It makes you more stealthy.
Talismans
 T - a granite talisman (active)
Wands
 c - a wand of roots (5)
 E - a wand of digging (5) (quivered)
 U - a wand of quicksilver (53)
Scrolls
 e - 9 scrolls of amnesia
 g - 25 scrolls of teleportation
 h - 7 scrolls of enchant armour
 j - 5 scrolls of poison
 l - 10 scrolls of immolation
 o - 5 scrolls of revelation
 t - 10 scrolls of blinking
 u - 6 scrolls of silence
 v - 10 scrolls of enchant weapon
 y - 12 scrolls of vulnerability
 B - 15 scrolls of noise
 L - 11 scrolls of fear
 W - 7 scrolls of fog
 Z - 3 scrolls of butterflies
Potions
 i - 2 potions of enlightenment
 q - 11 potions of lignification
 w - 12 potions of ambrosia
 A - 5 potions of berserk rage
 F - 4 potions of cancellation
 H - 15 potions of attraction
 I - 5 potions of mutation
 O - 6 potions of resistance
 P - 27 potions of curing
 Q - 8 potions of invisibility
Miscellaneous
 f - a figurine of a ziggurat
 R - a phantom mirror


   Skills:
 O Level 27 Fighting
 - Level 16.0 Long Blades
 O Level 27 Dodging
 O Level 27 Shields
 + Level 16.3 Spellcasting
 + Level 19.1 Translocations
 O Level 27 Invocations
 - Level 4.0 Evocations
 - Level 25.0 Shapeshifting


You had 50 spell levels left.
You knew the following spells:

 Your Spells              Type           Power      Damage    Failure   Level
a - Manifold Assault      Tloc           54%        N/A       1%          4
b - Passage of Golubria   Tloc           54%        N/A       1%          4

Your spell library contained the following spells:

 Spells                   Type           Power      Damage    Failure   Level
 Apportation              Tloc           100%       N/A       0%          1
 Lesser Beckoning         Tloc           100%       N/A       0%          2
 Gell's Gravitas          Tloc           54%        N/A       0%          3
 Teleport Other           Tloc           54%        N/A       0%          3
 Volatile Blastmotes      Fire/Tloc      64%        2d15      1%          3
 Iskenderun's Mystic Bla  Conj/Tloc      32%        2d8       1%          4
 Dispersal                Tloc           27%        N/A       1%          6
 Summon Forest            Summ/Tloc      16%        N/A       3%          5
 Foxfire                  Conj/Fire      36%        2x1d5     6%          1
 Freeze                   Ice            36%        1d5       6%          1
 Kiss of Death            Conj/Necr      36%        2d8       6%          1
 Magic Dart               Conj           36%        1d4       6%          1
 Necrotise                Necr           36%        1d5       6%          1
 Shock                    Conj/Air       36%        1d5       6%          1
 Slow                     Hex            36%        N/A       6%          1
 Sting                    Conj/Alch      36%        1d5       6%          1
 Summon Small Mammal      Summ           36%        N/A       6%          1
 Cigotuvi's Dreadful Rot  Necr/Alch/Air  18%        N/A       10%         2
 Ensorcelled Hibernation  Hex/Ice        18%        N/A       10%         2
 Jinxbite                 Hex            18%        N/A       10%         2
 Mercury Vapours          Alch/Air       18%        N/A       10%         2
 Passwall                 Alch/Erth      7%         N/A       10%         2
 Scorch                   Fire           18%        2d5       10%         2
 Searing Ray              Conj           18%        2d5       10%         2
 Static Discharge         Conj/Air       18%        3-4/arc   10%         2
 Disjunction              Tloc           27%        N/A       16%         8
 Call Canine Familiar     Summ           9%         N/A       19%         3
 Confusing Touch          Hex            9%         N/A       19%         3
 Dazzling Flash           Conj/Hex       18%        N/A       19%         3
 Frozen Ramparts          Ice            18%        1d3       19%         3
 Fugue of the Fallen      Necr           9%         N/A       19%         3
 Hailstorm                Conj/Ice       9%         3d6       19%         3
 Inner Flame              Hex/Fire       9%         N/A       19%         3
 Mephitic Cloud           Conj/Alch/Air  9%         N/A       19%         3
 Ozocubu's Armour         Ice            9%         N/A       19%         3
 Sigil of Binding         Hex            9%         N/A       19%         3
 Summon Guardian Golem    Hex/Summ       9%         N/A       19%         3
 Swiftness                Air            9%         N/A       19%         3
 Tukima's Dance           Hex            9%         N/A       19%         3
 Vampiric Draining        Necr           9%         2d6       19%         3
 Airstrike                Air            4%         2d(1-17)  52%         4
 Anguish                  Hex/Necr       4%         N/A       52%         4
 Brom's Barrelling Bould  Conj/Erth      9%         2d3       52%         4
 Cause Fear               Hex            4%         N/A       52%         4
 Dispel Undead            Necr           9%         3d8       52%         4
 Flame Wave               Conj/Fire      9%         2d6       52%         4
 Fulminant Prism          Conj/Alch      4%         3d5       52%         4
 Ignite Poison            Fire/Alch      9%         N/A       52%         4
 Leda's Liquefaction      Alch/Erth      4%         N/A       52%         4
 Olgreb's Toxic Radiance  Alch           9%         N/A       52%         4
 Petrify                  Alch/Erth      9%         N/A       52%         4
 Sticky Flame             Fire/Alch      9%         2d5       52%         4
 Summon Ice Beast         Ice/Summ       9%         N/A       52%         4
 Summon Lightning Spire   Summ/Air       9%         N/A       52%         4
 Agony                    Necr           9%         N/A       86%         5
 Alistair's Intoxication  Alch           6%         N/A       86%         5
 Borgnjor's Vile Clutch   Necr/Erth      4%         N/A       86%         5
 Fireball                 Conj/Fire      4%         3d4       86%         5
 Freezing Cloud           Conj/Ice/Air   4%         6-21      86%         5
 Irradiate                Conj/Alch      4%         3d13      86%         5
 Lee's Rapid Deconstruct  Erth           4%         3d5*      86%         5
 Metabolic Englaciation   Hex/Ice        4%         N/A       86%         5
 Silence                  Hex/Air        4%         N/A       86%         5
 Yara's Violent Unravell  Hex/Alch       4%         3d4       86%         5
 Bombard                  Conj/Erth      4%         9d2       100%        6
 Eringya's Noxious Bog    Alch           4%         4d6       100%        6
 Plasma Beam              Fire/Air       4%         2x1d14    100%        6
 Simulacrum               Ice/Necr       4%         N/A       100%        6
 Starburst                Conj/Fire      4%         6d4       100%        6
 Enfeeble                 Hex            4%         N/A       100%        7
 Haunt                    Necr/Summ      4%         N/A       100%        7
 Ozocubu's Refrigeration  Ice            4%         4d8       100%        7
 Summon Hydra             Summ           4%         N/A       100%        7
 Discord                  Hex            4%         N/A       100%        8
 Ignition                 Fire           4%         3d4       100%        8
 Infestation              Necr           4%         N/A       100%        8
 Lehudib's Crystal Spear  Conj/Erth      4%         10d3      100%        8
 Chain Lightning          Conj/Air       4%         3d6       100%        9
 Dragon's Call            Summ           4%         N/A       100%        9
 Fire Storm               Conj/Fire      4%         8d1       100%        9
 Polar Vortex             Ice            4%         N/A       100%        9
 Shatter                  Erth           4%         3d8*      100%        9


Dungeon Overview and Level Annotations

Branches:
Dungeon (15/15)            Temple (1/1) D:6            Lair (5/5) D:9
  Swamp (4/4) Lair:3       Spider (4/4) Lair:3        Slime (5/5) Lair:5
    Orc (2/2) D:9             Elf (3/3) Orc:2        Vaults (5/5) D:14
  Crypt (3/3) Vaults:3       Tomb (3/3) Crypt:3      Depths (4/4) D:15
   Hell (visited)             Dis (7/7) Hell            Geh (7/7) Hell
    Coc (7/7) Hell            Tar (7/7) Hell            Zot (5/5) Depths:4
  IceCv (visited)         Volcano (visited)         Gauntlet (visited)

Altars:
Ashenzari
Cheibriados
Dithmenos
Elyvilon
Fedhas
Gozag
Hepliaklqana
Kikubaaqudgha
Makhleb
Nemelex Xobeh
Okawaru
Qazlal
Ru
Sif Muna
Trog
Uskayaw
Vehumet
Wu Jian
Xom
Yredelemnul
Zin
The Shining One
Jiyva
Lugonu

Shops:
D:4 *   D:8 ?   D:12 !   Orc:1 (   Orc:2 !***:*!   Elf:1 (*(   Lair:5 [
Swamp:1 ?   Spider:4 *   Vaults:3 =   Vaults:4 (   Vaults:5 =   Depths:3 (

Portals:
Hell: Depths:1 Depths:2 Depths:3 Depths:4
Abyss: Depths:2 Depths:3
Pandemonium: Depths:2
Ziggurat: Depths:4

Annotations:
D:7 exclusion: downstairs
Lair:3 exclusion: oklob plant
Vaults:4 1 transporter
Depths:4 exclusion: shining eye
Zot:1 1 transporter
Zot:4 4 transporters
Zot:5 1 exclusion


Innate Abilities, Weirdness & Mutations

You are a living statue of rough stone.
Your actions are slow, but your melee attacks are powerful.
You are resistant to unholy torment.
Your maximum health is greatly increased.
You cannot wear most types of armour.
You are amphibious.
You can wear up to eight rings at the same time.
You are immune to poison.
Your skin changes colour to match your surroundings (Stealth+).
((Your rubbery body absorbs attacks. (AC +1, EV +1)))
((You are camouflaged when in or above water. (Stealth+)))
You have tentacles for arms and can constrict up to eight enemies at once.
You have a pair of small antennae on your head.
You possess an exceptional clarity of mind.
You are clumsy. (Dex -2)
Your body sometimes deteriorates upon taking damage.
You are very dopey. (Int -4)
Your magical capacity is low. (-10% MP)
You passively map a small area around you.
You are weak. (Str -2)
You occasionally lose the ability to drink potions when taking damage.
Your health recovers twice as slowly from being drained.


Message History

The rust devil barely misses your angel.
Your angel hits the rust devil with a +2 sacred scourge of holy wrath!!
The rust devil convulses!
The rust devil dies!
The Shining One accepts your kill.
Your angel gestures.
Your angel is healed somewhat.
There is a stone staircase leading up here.
You swap places.
Something claws the plant.
The plant begins to die.
Something freezes the plant!!!
Something claws the plant.
Something freezes the plant!!!
There is a stone staircase leading up here.
Magic restored.
You climb upwards.
Your summoned ally is left behind.
There is a stone staircase leading down here.
Aiming: Dig
Press: ? - help, Q - select action, (/) - cycle Shift-Dir - straight line You can't see that place. [a stone staircase leading up.]
The rock shatters into small pieces.
A quokka comes into view.
There is a stone staircase leading up here.
You climb upwards.
There is a stone staircase leading down here.
You sense a monster nearby.
An Orb Guardian comes into view.
You block the Orb Guardian's attack.
You cut the Orb Guardian into ribbons!!!
You squeeze the Orb Guardian!
The Orb Guardian is severely wounded.
You block the Orb Guardian's attack.
You barely miss the Orb Guardian.
The Orb Guardian is severely wounded.
You block the Orb Guardian's attack. x2
You slice the Orb Guardian!!
You kill the Orb Guardian!
Magic restored.
There is an open door here.
There is a staircase leading out of the dungeon here.
You have escaped!

#.#.########.######.....###.##.#
#.#.##...###.# ##...#.#.# #.##.#
#.#.#.....##.# #....#.#.# #.##.#
#.#.#.....##.###....#.#.###.##.#
#.#.#.....##........#.#.#...##.#
#...##...###..#######.#.#.####.#
#'...'###'.#.+#...###.#........#
.#.#.#####...#.[...##.###.######
.#...##⌠####.#..8..##.# #.#
.###.........#.....##.# #.#
#'##.#######.'#...###.###.#
#.##.#........##### #.#...#
.....#.###..#.# #.#.### .......#
#..#.# #.#.# .......# #....#
#.#.# .......####.####### #.#.#
.....#.)..........# #.#.#


There were no monsters in sight!

Vanquished Creatures
  Asmodeus (Geh:7)
  Dissolution (Slime:4)
  the Royal Jelly (Slime:5)
  Ereshkigal (Tar:7)
  Gloorx Vloq (Pan)
  the Serpent of Hell (Geh:7)
  6 pandemonium lords
  Mnoleg (Pan)
  Lom Lobon (Pan)
  4 dread liches
  Khufu (Crypt:3)
  Dispater (Dis:7)
  6 ancient liches
  An orb of fire (Zot:5)
  5 juggernauts
  Mennas (Crypt:2)
  23 royal mummies
  5 shard shrikes (Coc:7)
  Bai Suzhen (Crypt:3)
  3 curse toes
  7 Killer Klowns (Zot:5)
  15 caustic shrikes
  Geryon (Hell)
  12 golden dragons
  15 profane servitors
  Nikola (Spider:2)
  Norris (Depths:1)
  21 bone dragons
  19 Tzitzimimeh
  3 electric golems
  19 doom hounds
  14 Brimstone Fiends
  A shard shrike zombie (Abyss:3)
  The ghost of phunky83 the Peltast, an adept MiFi of Qazlal (Vaults:3)
  7 iron giants
  9 hellephants
  A spectral shard shrike (Tar:5)
  25 tainted leviathans
  13 tentacled monstrosities
  25 Ice Fiends
  20 Hell Sentinels
  17 liches
  21 Orb Guardians
  A walking earthen tome (Depths:2)
  A walking frostbound tome (Depths:3)
  Asterion (Spider:2)
  6 deep elf blademasters
  2 deep elf master archers (Elf:3)
  The ghost of KimchiStew the Warrior, an adept HuWn of Okawaru (Elf:3)
  24 Executioners
  17 searing wretches
  Grunn (Zot:4)
  9 sphinxes
  8 titans
  4 quicksilver dragons
  26 acid blobs
  34 ancient champions
  16 tentacled starspawn
  6 death cobs
  5 shadow dragons
  Kirke (D:14)
  11 storm dragons
  5 tengu reavers
  A draconian monk (Zot:5)
  Roxanne (D:15)
  6 revenants
  Aizul (Spider:3)
  A demonspawn warmonger (Pan)
  9 rockslimes
  3 protean progenitors (Zot:2)
  11 frost giants
  6 draconian knights
  7 narguns
  14 azure jellies
  31 balrugs
  2 fenstrider witches
  9 shard shrike simulacra
  7 deep elf sorcerers
  18 fire giants
  2 draconian shifters
  2 deep elf elementalists
  7 ghost moths
  A spectral caustic shrike (Tar:6)
  2 emperor scorpions
  Louise (D:14)
  10 quicksilver elementals
  2 spectral juggernauts
  7 draconian scorchers
  15 vault wardens
  6 curse skulls
  22 iron dragons
  6 ghouls (Swamp:3)
  3 demonspawn corrupters (Pan)
  11 quicksilver oozes
  7 cacodemons
  3 broodmothers
  2 juggernaut zombies
  4 draconian stormcallers
  13 reapers
  9 formless jellyfish
  10 draconian annihilators
  2 ophanim (Abyss:3)
  25 ironbound preservers
  31 very ugly things
  A juggernaut skeleton (Crypt:1)
  44 war gargoyles
  An angel (Abyss:3)
  4 demonspawn blood saints
  A caustic shrike skeleton (Pan)
  8 deep elf death magi
  12 vampire knights
  30 putrid mouths
  8 ironbound thunderhulks
  15 stone giants
  5 deep elf demonologists (Elf:3)
  29 elemental wellsprings
  4 bennus
  9 demonspawn black suns (Pan)
  Azrael (D:13)
  15 wendigos
  11 deep elf annihilators
  11 yellow draconians
  21 lorocyprocas
  A minotaur (Gauntlet)
  4 red draconians
  3 spark wasps
  12 black draconians
  4 bunyips
  4 eleionomae
  9 green draconians
  11 dire elephants
  15 purple draconians
  9 white draconians
  17 green deaths
  5 ettins
  8 eidola
  A merfolk impaler (Depths:3)
  4 crystal guardians
  15 iron golems
  8 blizzard demons
  Josephine (D:15)
  8 fire dragons
  A spectral quicksilver dragon (Tar:5)
  4 deep elf high priests
  11 mummy priests
  Fannar (Lair:2)
  22 jiangshi
  8 yaktaur captains
  3 spectral spriggans
  6 entropy weavers
  A fenstrider witch zombie (Crypt:1)
  11 salamander tyrants
  A quicksilver dragon skeleton (Crypt:1)
  An entropy weaver (shapeshifter) (Depths:2)
  2 spriggan zombies
  17 hydras
  4 peacekeepers
  7 rakshasas
  6 great orbs of eyes
  8 hell beasts
  2 ice dragons
  The ghost of Byodudul the Eclecticist, a journeyman DjCj of Ashenzari (Orc:1)
  3 catoblepae
  6 juggernaut simulacra
  13 vault guards
  4 ogre magi (Orc:2)
  A spriggan air mage (Depths:4)
  7 alligators
  2 anacondas (Zot:2)
  10 ironbound frosthearts
  4 spriggan skeletons
  6 caustic shrike simulacra
  20 centaur warriors
  3 ghost crabs (Swamp:4)
  4 stokers
  A fenstrider witch skeleton (Crypt:2)
  A radroach (Spider:4)
  A bennu zombie (Crypt:2)
  3 death knights (Crypt:2)
  A naga warrior (Abyss:3)
  2 deep troll shamans (Depths:3)
  16 two-headed ogres
  5 death yaks (Lair:3)
  The ghost of MirrMurr the Spear-Bearer, a journeyman GrBe of Trog (D:11)
  4 boulder beetles
  23 dancing weapons
  61 death scarabs
  A spectral stone giant (Tar:6)
  32 hell hogs
  12 vampire magi
  4 deep troll earth magi
  10 thrashing horrors (Abyss:3)
  23 demonic crawlers
  8 spriggan berserkers
  An orc high priest (Elf:2)
  9 hell knights (Crypt:3)
  A spectral dire elephant (Tar:3)
  14 soul eaters
  3 shock serpents (Pan)
  3 occultists
  60 sun demons
  24 deep elf knights
  12 crystal echidnas
  5 skysharks
  A spectral spark wasp (Depths:1)
  12 sixfirhies
  30 skeletal warriors
  14 shadow wraiths
  17 wretched stars (Abyss:3)
  3 pharaoh ants
  A death drake (shapeshifter) (Elf:1)
  A glowing orange brain (shapeshifter) (Vaults:5)
  8 goliath frogs
  9 bog bodies
  64 deep trolls
  4 quicksilver dragon simulacra
  An orb spider (Spider:2)
  2 death drakes
  7 spriggan druids
  A spatial maelstrom (Abyss:3)
  An anaconda zombie (Hell)
  11 flayed ghosts
  An iron troll (Depths:2)
  12 deep elf archers
  7 glowing orange brains
  3 spectral anacondas
  6 spectral hydras
  2 cherubim (Abyss:3)
  A deep troll (shapeshifter) (Vaults:5)
  6 steelbarb worms
  4 spriggan simulacra
  5 shadow demons
  19 ironbound convokers
  3 arcanists
  Pikel (D:6)
  6 orc knights
  17 phantasmal warriors
  3 swamp dragons
  A bunyip skeleton (Crypt:1)
  A lindwurm (shapeshifter) (Depths:4)
  An iron giant skeleton (Crypt:2)
  5 necromancers
  21 deep elf pyromancers
  2 anaconda skeletons
  7 shining eyes
  4 alligator zombies (Swamp:4)
  A goliath frog skeleton (Crypt:1)
  3 harpies (Vaults:1)
  A shadow dragon skeleton (Crypt:1)
  26 deep elf zephyrmancers
  An orc sorcerer (Orc:1)
  2 tengu skeletons
  3 salamanders (Volcano)
  27 ugly things
  5 manticores
  A jorogumo skeleton (Crypt:1)
  9 cyclopes
  4 will-o-the-wisps (Swamp:4)
  15 wolf spiders
  A manticore (shapeshifter) (D:15)
  22 moths of wrath
  2 stone giant zombies
  A spectral alligator snapping turtle (Tar:3)
  A frost giant zombie (Crypt:2)
  2 guardian serpents (Abyss:3)
  2 alligator skeletons
  61 large abominations
  3 worldbinders (Abyss:3)
  2 rust devils (Abyss:3)
  An iron dragon zombie (Crypt:3)
  Maurice (D:8)
  A kobold blastminer (Orc:1)
  7 titan simulacra
  36 smoke demons
  6 apocalypse crabs (Abyss:3)
  14 elephants
  An eye of devastation (shapeshifter) (Vaults:5)
  10 molten gargoyles
  2 centaur skeletons
  6 torpor snails
  27 hellions
  3 eyes of devastation
  13 vault sentinels
  5 gargoyles
  8 cane toads
  A naga mage (Abyss:3)
  A naga skeleton (Abyss:3)
  6 unseen horrors
  12 orange demons
  A yellow draconian zombie (Crypt:2)
  10 spectral swamp worms (Tar:7)
  2 spectral nagas (Tar:3)
  9 komodo dragons
  A kobold demonologist (D:14)
  15 freezing wraiths
  A storm dragon simulacrum (Coc:1)
  4 rime drakes
  5 swamp worm zombies (Swamp:4)
  29 yaktaurs
  2 bunyip simulacra (Crypt:1)
  An alligator snapping turtle skeleton (Tomb:3)
  4 ice devils
  39 guardian mummies
  4 anaconda simulacra
  30 tormentors
  10 ancient zymes (Abyss:3)
  5 efreet
  2 iron giant simulacra
  3 harpy zombies
  7 trolls
  6 red devils
  18 hellwings
  10 hydra zombies
  3 golden dragon simulacra (IceCv)
  3 tengu conjurers
  2 spectral swamp dragons (Swamp:4)
  13 tyrant leeches
  2 alligator simulacra (IceCv)
  20 raiju
  Prince Ribbit (D:7)
  2 hydra skeletons
  3 polar bears (Lair:5)
  A harpy skeleton (Tomb:2)
  Grinder (D:6)
  20 tarantellas
  A meliai (shapeshifter) (D:13)
  16 hornets
  15 blink frogs
  A hornet (shapeshifter) (Abyss:3)
  4 iron dragon simulacra
  A dream sheep (Lair:5)
  4 glass eyes
  97 slime creatures
  2 stone giant simulacra
  A laughing skull (Abyss:3)
  A slime creature (shapeshifter) (Elf:1)
  6 shadows
  5 air elementals
  3 ettin skeletons
  A spriggan (shapeshifter) (Abyss:3)
  19 culicivoras
  2 centaur simulacra (Gauntlet)
  An orc simulacrum (Coc:1)
  A radroach zombie (Crypt:2)
  16 jumping spiders
  11 water elementals
  6 vampires
  25 spriggans
  19 wraiths
  17 ynoxinuls
  10 dire elephant simulacra
  A yak (shapeshifter) (Elf:1)
  12 wyverns
  6 ushabtiu
  2 basilisks (shapeshifter)
  A black mamba skeleton (Crypt:2)
  7 fire elementals
  5 wargs
  2 basilisks
  An alligator snapping turtle simulacrum (Coc:1)
  7 golden eyes
  60 yaks
  17 neqoxecs
  6 steam dragons
  8 fire bats (Volcano)
  23 vampire mosquitoes
  42 redbacks
  22 chaos spawn
  19 harpy simulacra
  A water nymph zombie (Crypt:1)
  11 swamp worms
  A spatial vortex (Abyss:3)
  A naga (shapeshifter) (Elf:1)
  3 nagas (Abyss:3)
  2 acid dragons (D:11)
  15 water moccasins
  3 hydra simulacra
  12 hell hounds
  A fire bat skeleton (Crypt:1)
  Duvessa (D:6)
  2 meliai simulacra (Gauntlet)
  26 orc warriors
  A swamp drake (Swamp:1)
  2 ice beasts
  A merfolk simulacrum (Coc:2)
  5 black bears
  29 ogres
  5 ettin simulacra
  13 boggarts
  A hornet zombie (D:8)
  27 small abominations
  28 wolves
  8 centaurs
  An elephant skeleton (Crypt:2)
  58 starcursed masses
  3 swamp dragon zombies (Swamp:4)
  A hog skeleton (Crypt:2)
  4 lemures
  10 phantoms
  A kobold brigand (D:8)
  5 brain worms (Abyss:3)
  7 earth elementals
  20 bullfrogs
  4 necrophages (D:8)
  A wyvern zombie (D:8)
  A scorpion (Lair:2)
  A gnoll sergeant (D:12)
  A cane toad simulacrum (Gauntlet)
  18 wights
  Dowan (D:6)
  15 killer bees
  2 lindwurm simulacra (IceCv)
  An electric eel (Spider:1)
  4 howler monkeys
  A crimson imp (D:8)
  3 centaur zombies
  2 hounds
  5 jellies
  A human zombie (Crypt:1)
  3 quasits (Abyss:3)
  16 orc priests
  Jessica (D:3)
  5 human skeletons (Crypt:1)
  A sleepcap (D:5)
  31 orc wizards
  5 iguanas
  7 hell rats
  A killer bee zombie (D:8)
  47 mummies
  16 gnolls
  6 adders
  A swamp drake zombie (Swamp:4)
  2 bombardier beetles (D:6)
  3 white imps (Abyss:3)
  4 ufetubi
  2 worms
  2 dart slugs
  58 orcs
  7 ball pythons
  7 endoplasms
  3 giant cockroaches
  3 goblins
  3 hobgoblins
  8 jackals
  15 kobolds
  3 quokkas
  8 bats
  4 frilled lizards
  10 rats
  A rat zombie (Crypt:1)
  2 fire vortices
  8 starspawn tentacles (Abyss:3)
3911 creatures vanquished.

Vanquished Creatures (collateral kills)
  Cerebov (Pan)
  Antaeus (Coc:7)
  3 royal mummies
  A shard shrike (Coc:7)
  A pandemonium lord (Zot:5)
  2 golden dragons
  A profane servitor (Tar:7)
  A doom hound (Hell)
  A bone dragon (Tar:4)
  A Tzitzimitl (Tar:7)
  An electric golem (Zot:5)
  A Hell Sentinel (Dis:7)
  A Brimstone Fiend (Pan)
  2 Ice Fiends (Coc:7)
  4 Orb Guardians (Zot:5)
  2 quicksilver dragons
  3 ancient champions
  A tengu reaver (Vaults:5)
  3 shadow dragons (Vaults:5)
  A storm dragon (Vaults:5)
  A revenant (Tomb:3)
  2 fire giants (Vaults:5)
  4 balrugs
  A vault warden (Vaults:5)
  A reaper (Hell)
  A very ugly thing (Vaults:5)
  A war gargoyle (Dis:7)
  2 elemental wellsprings (Coc:7)
  A putrid mouth (Tar:7)
  4 bennus
  9 mummy priests
  2 ettins (Vaults:5)
  A yaktaur captain (Vaults:5)
  An ogre mage (Vaults:5)
  2 vault guards (Vaults:5)
  A juggernaut simulacrum (Coc:7)
  4 two-headed ogres (Vaults:5)
  12 death scarabs
  3 soul eaters
  A skyshark (shapeshifter) (Vaults:5)
  5 sun demons
  A skeletal warrior (Tomb:2)
  5 large abominations
  A deep troll (shapeshifter) (Vaults:5)
  An anaconda skeleton (Hell)
  2 quicksilver dragon simulacra (Coc:7)
  A phantasmal warrior (Vaults:5)
  2 ironbound convokers
  2 ugly things
  A slime creature (Vaults:4)
  A vault sentinel (Vaults:5)
  A rust devil (D:3)
  2 smoke demons (Hell)
  A centaur skeleton (Pan)
  3 hellions (Geh:7)
  3 yaktaurs (Vaults:5)
  A golden dragon simulacrum (Coc:7)
  14 guardian mummies
  An alligator snapping turtle skeleton (Tomb:2)
  2 hellwings
  A hydra skeleton (Hell)
  A snapping turtle (shapeshifter) (Vaults:5)
  12 ushabtiu
  2 neqoxecs (Pan)
  A redback (Vaults:5)
  A hell hound (Hell)
  A naga skeleton (Pan)
  An ettin simulacrum (Tomb:2)
  2 ogres (Vaults:5)
  19 mummies
  A white imp (Zot:5)
  2 orcs (Vaults:4)
  A ball lightning (Pan)
181 creatures vanquished.

Vanquished Creatures (others)
  2 ancient liches (Zot:5)
  An orb of fire (Zot:5)
  Xtahua (Vaults:5)
  A shard shrike (Coc:7)
  3 Killer Klowns (Zot:5)
  A titan (Vaults:5)
  A tentacled monstrosity (Zot:5)
  6 Orb Guardians (Zot:5)
  A death cob (Zot:5)
  An ancient champion (Dis:5)
  An eldritch tentacle (Tomb:3)
  3 fire giants
  2 frost giants
  A draconian knight (Zot:2)
  3 vault wardens (Vaults:5)
  A ghost moth (Zot:5)
  A draconian scorcher (Zot:5)
  A very ugly thing (Vaults:5)
  2 stone giants (Vaults:5)
  A green draconian (Zot:5)
  An ironbound thunderhulk (Vaults:5)
  A deep elf death mage (Vaults:5)
  A yellow draconian (Zot:5)
  An elemental wellspring (Coc:6)
  A wendigo (Coc:3)
  An ettin (Vaults:5)
  A green death (Pan)
  2 yaktaur captains
  19 vault guards (Vaults:5)
  An ogre mage (Vaults:5)
  2 juggernaut simulacra
  A stoker (Geh:5)
  A two-headed ogre (Vaults:5)
  A hell knight (Vaults:5)
  A deep elf knight (Elf:2)
  2 quicksilver dragon simulacra
  A sea snake (shapeshifter) (Vaults:5)
  A deep elf archer (Elf:3)
  A deep troll (Vaults:4)
  3 spriggan simulacra
  A swamp dragon (Swamp:4)
  A necromancer (Crypt:1)
  A mana viper (shapeshifter) (Vaults:5)
  A deep elf zephyrmancer (Elf:2)
  3 vault sentinels (Vaults:5)
  2 moths of wrath (Zot:5)
  A titan simulacrum (Coc:7)
  A smoke demon (Pan)
  A large abomination (Abyss:3)
  A freezing wraith (Vaults:5)
  2 yaktaurs (Vaults:4)
  2 guardian mummies
  3 bloated husks
  A centaur simulacrum (Coc:2)
  4 dire elephant simulacra
  2 humans (D:14)
  A naga simulacrum (Coc:3)
  An alligator snapping turtle simulacrum (Coc:2)
  5 harpy simulacra
  2 swamp worms (Swamp:2)
  4 ettin simulacra
  2 mummies (Crypt:1)
  2 orcs
  A jackal skeleton (Crypt:1)
  8 ball lightnings
  6 creeping infernos
  2 fire vortices (Pan)
  14 foxfires (Swamp:4)
  2 lurking horrors (Abyss:3)
  30 starspawn tentacles
184 creatures vanquished.

Grand Total: 4276 creatures vanquished

Notes
Turn   | Place    | Note
-------+----------+-------------------------------------------
     0 | D:1      | SlaveLabor the Octopode Fighter began the quest for the
                  | Orb.
     0 | D:1      | Reached XP level 1. HP: 16/16 MP: 1/1
   298 | D:1      | Reached XP level 2. HP: 21/21 MP: 2/2
   835 | D:1      | Reached XP level 3. HP: 22/26 MP: 3/3
  1289 | D:2      | Identified the +5 mace of Ysolop {flame, ^Fragile Will+
                  | Str+4 Stlth+}
  1301 | D:2      | Reached XP level 4. HP: 23/31 MP: 4/4
  1508 | D:2      | Found a shimmering altar of Xom.
  2398 | D:3      | Reached XP level 5. HP: 37/37 MP: 5/5
  2546 | D:3      | Noticed Jessica
  2552 | D:3      | Killed Jessica
  3138 | D:4      | Reached XP level 6. HP: 26/43 MP: 6/6
  3589 | D:4      | Found Kisenaes's Gadget Gallery.
  3650 | D:4      | Found a glowing golden altar of the Shining One.
  3810 | D:5      | Entered Level 5 of the Dungeon
  3933 | D:5      | Reached skill level 5 in Long Blades
  4205 | D:5      | Reached XP level 7. HP: 29/49 MP: 7/7
  4505 | D:5      | Identified a scroll of acquirement
  4518 | D:5      | Acquired the +8 demon blade of Cysyaji {vamp, Str+4}
  4814 | D:5      | Reached skill level 5 in Fighting
  4814 | D:5      | Reached skill level 5 in Dodging
  5397 | D:6      | Found a staircase to the Ecumenical Temple.
  5405 | Temple   | Entered the Ecumenical Temple
  5494 | D:6      | Reached XP level 8. HP: 36/56 MP: 8/8
  5736 | D:6      | Noticed Grinder
  5740 | D:6      | Killed Grinder
  5912 | D:6      | Noticed Pikel
  6409 | D:6      | Killed Pikel
  6416 | D:6      | Noticed Dowan
  6417 | D:6      | Noticed Duvessa
  6423 | D:6      | Killed Duvessa
  6430 | D:6      | Killed Dowan
  6431 | D:6      | Reached XP level 9. HP: 61/64 MP: 9/9
  6582 | D:6      | Found a hide-covered altar of Uskayaw.
  6595 | D:6      | Found a sparkling altar of Nemelex Xobeh.
  7116 | D:7      | Noticed Prince Ribbit
  7121 | D:7      | Killed Prince Ribbit
  7860 | D:8      | Reached XP level 10. HP: 63/74 MP: 10/10
  7861 | D:8      | Noticed a six-headed hydra
  8108 | D:8      | Noticed a cyan ugly thing
  8208 | D:8      | Noticed Maurice
  8225 | D:8      | Killed Maurice
  8337 | D:8      | Found a bloodstained altar of Trog.
  8355 | D:8      | Reached skill level 10 in Fighting
  8355 | D:8      | Reached skill level 10 in Dodging
  8757 | D:8      | Found a blossoming altar of Fedhas.
  8879 | D:8      | Killed a cyan ugly thing
  8923 | D:8      | Noticed a cyclops
  9015 | D:8      | Found a radiant altar of Vehumet.
  9015 | D:8      | Found a burning altar of Makhleb.
  9742 | D:9      | Reached XP level 11. HP: 78/81 MP: 11/11
  9913 | D:9      | Found a staircase to the Orcish Mines.
 10252 | D:9      | Found a staircase to the Lair.
 10402 | Orc:1    | Entered Level 1 of the Orcish Mines
 10436 | Orc:1    | Noticed an orc sorcerer
 10444 | Orc:1    | Found Genataf's Weapon Shoppe.
 10493 | Orc:1    | Killed an orc sorcerer
 10494 | Orc:1    | Reached skill level 1 in Evocations
 10631 | D:10     | Entered Level 10 of the Dungeon
 10695 | D:10     | Found a shimmering altar of Xom.
 10695 | D:10     | Found a shimmering altar of Xom.
 10696 | D:10     | Found a shimmering altar of Xom.
 10696 | D:10     | Found a shimmering altar of Xom.
 10697 | D:10     | Found a shimmering altar of Xom.
 10697 | D:10     | Found a shimmering altar of Xom.
 10698 | D:10     | Found a shimmering altar of Xom.
 10700 | D:10     | Found a shimmering altar of Xom.
 10875 | D:10     | Found an opulent altar of Gozag.
 10886 | D:10     | Became a worshipper of Gozag Ym Sagoz the Greedy
 10986 | D:10     | Noticed a purple ugly thing
 11247 | Lair:1   | Entered Level 1 of the Lair of Beasts
 11327 | Lair:1   | Found a dark tunnel.
 11333 | Volcano  | Entered a volcano
 11366 | Volcano  | Noticed a salamander
 11375 | Volcano  | Killed a salamander
 11445 | Volcano  | Noticed a salamander
 11474 | Volcano  | Killed a salamander
 11474 | Volcano  | Noticed a salamander
 11475 | Volcano  | Reached skill level 10 in Long Blades
 11475 | Volcano  | Reached XP level 12. HP: 89/89 MP: 12/12
 11695 | Volcano  | Noticed a fire dragon
 11695 | Volcano  | Noticed a two-headed ogre
 12768 | Lair:2   | Noticed Fannar
 12785 | Lair:2   | Killed Fannar
 12969 | Lair:2   | Noticed a skyshark
 12999 | Lair:2   | Killed a skyshark
 13141 | Lair:2   | Identified the +1 pair of gloves of the Hills {+Inv}
 13678 | Lair:2   | Noticed a seven-headed hydra
 13695 | Lair:2   | Killed a seven-headed hydra
 14154 | Lair:3   | Found a staircase to the Swamp.
 14158 | Lair:3   | Noticed a death yak
 14163 | Lair:3   | Found a hole to the Spider Nest.
 14431 | Lair:3   | Noticed a death yak
 14431 | Lair:3   | Noticed a death yak
 14457 | Lair:3   | Killed a death yak
 14458 | Lair:3   | Reached XP level 13. HP: 89/97 MP: 13/13
 14600 | Lair:3   | Identified the +6 flail of the Building Traitor {venom,
                  | Str+5 Int-3}
 15649 | Lair:4   | Reached skill level 15 in Dodging
 16884 | Lair:5   | Entered Level 5 of the Lair of Beasts
 17263 | Orc:2    | Entered Level 2 of the Orcish Mines
 17364 | Orc:2    | Found a gate leading to a gauntlet.
 17373 | Gauntlet | Entered a Gauntlet
 17373 | Gauntlet | Found a transporter.
 17373 | Gauntlet | Found a transporter.
 17411 | Gauntlet | Found a transporter.
 17416 | Gauntlet | Found a transporter.
 17428 | Gauntlet | Found a transporter.
 17430 | Gauntlet | Noticed an entropy weaver
 17436 | Gauntlet | Found a transporter.
 17458 | Gauntlet | Found a transporter.
 17476 | Gauntlet | Found a transporter.
 17480 | Gauntlet | Found a transporter.
 17482 | Gauntlet | Found a runed translucent door.
 17484 | Gauntlet | Found a runed translucent door.
 17488 | Gauntlet | Found a transporter.
 17492 | Gauntlet | Found a transporter.
 17534 | Gauntlet | Reached skill level 1 in Shapeshifting
 17553 | Gauntlet | Identified the +10 plate armour "Joukomepn" {rElec rF+ rN+
                  | Str-3}
 17560 | Gauntlet | Found a transporter.
 17626 | Gauntlet | Killed an entropy weaver
 17652 | Gauntlet | Identified the ring of Broken Luck {rElec rPois rC+ MP-9
                  | Dex+2}
 17667 | Gauntlet | Noticed a minotaur
 17674 | Gauntlet | Killed a minotaur
 17675 | Gauntlet | Reached XP level 14. HP: 103/103 MP: 5/14
 18234 | Orc:2    | Reached skill level 5 in Shields
 18678 | Orc:2    | Reached skill level 5 in Shapeshifting
 18736 | Orc:2    | Found a staircase to the Elven Halls.
 18994 | Orc:2    | Paralysed by an ogre mage for 2 turns
 19084 | Orc:2    | Found Oxucvim's Distillery.
 19084 | Orc:2    | Found Lipnow's Book Shoppe.
 19085 | Orc:2    | Found Gesuet's General Store.
 19085 | Orc:2    | Found Yforeuti's General Store.
 19092 | Orc:2    | Bought a potion of heal wounds for 60 gold pieces
 19092 | Orc:2    | Bought a potion of invisibility for 96 gold pieces
 19796 | Orc:2    | Bought a scroll of identify for 34 gold pieces
 19799 | Orc:2    | Bought a scroll labelled TYEKHL COITA for 38 gold pieces
 19799 | Orc:2    | Bought a scroll labelled RAGASI OS KAN for 38 gold pieces
 19799 | Orc:2    | Bought 2 smoky cyan potions for 68 gold pieces
 19955 | Orc:1    | Found a runed translucent gate.
 19955 | Orc:1    | Noticed Byodudul's ghost (journeyman DjCj)
 19956 | Orc:1    | Found a runed translucent gate.
 19957 | Orc:1    | Found a runed translucent gate.
 19995 | Orc:1    | Identified the amulet of Tiekkik {RegenMP Str+3}
 20880 | Lair:5   | Found a staircase to the Slime Pits.
 20880 | Lair:5   | Found a viscous altar of Jiyva.
 21399 | Lair:5   | Reached XP level 15. HP: 110/110 MP: 6/15
 21567 | Lair:5   | Reached skill level 10 in Shapeshifting
 21880 | Lair:5   | Identified the +9 morningstar of Fate {freeze, *Noise
                  | Will++}
 22941 | D:8      | Bought a scroll of acquirement for 780 gold pieces
 22941 | D:8      | Bought a scroll of identify for 30 gold pieces
 22941 | D:8      | Bought a scroll of identify for 30 gold pieces
 22941 | D:8      | Bought a scroll of identify for 30 gold pieces
 22946 | D:8      | Acquired 1175 gold pieces
 23577 | D:11     | Found a runed translucent door.
 23986 | D:11     | Acquired a +4 ring of slaying
 24561 | D:11     | Noticed MirrMurr's ghost (journeyman GrBe)
 24619 | D:12     | Found Kypiecked's Distillery.
 24636 | D:12     | Bought a potion of heal wounds for 90 gold pieces
 25705 | D:13     | Noticed Azrael
 25961 | D:13     | Identified the +8 hand axe "Falint" {heavy, rN++ Dex+2}
 27401 | D:14     | Noticed Kirke
 27412 | D:14     | Killed Kirke
 27584 | D:14     | Noticed a storm dragon
 27584 | D:14     | Noticed a tengu reaver
 27594 | D:14     | Killed a tengu reaver
 27600 | D:14     | Killed a storm dragon
 27601 | D:14     | Reached XP level 16. HP: 109/117 MP: 7/16
 27660 | D:14     | Identified the +8 rapier of Wounding {flame}
 27717 | D:14     | Noticed Louise
 27727 | D:14     | Killed Louise
 27868 | D:14     | Found a gate to the Vaults.
 28261 | D:13     | Killed Azrael
 28540 | D:15     | Entered Level 15 of the Dungeon
 28556 | D:15     | Reached skill level 15 in Shapeshifting
 28668 | D:15     | Found a staircase to the Depths.
 28898 | D:15     | Noticed Josephine
 28914 | D:15     | Killed Josephine
 29099 | D:15     | Noticed Roxanne
 29730 | Spider:1 | Entered Level 1 of the Spider Nest
 29744 | Spider:1 | You fall into a shaft and drop 1 floor!
 31009 | Spider:2 | Reached XP level 17. HP: 123/123 MP: 8/17
 31267 | Spider:2 | Noticed Nikola
 31312 | Spider:2 | Killed Nikola
 31404 | Spider:2 | Noticed Asterion
 31414 | Spider:2 | Noticed an Executioner
 31419 | Spider:2 | Killed Asterion
 31824 | Spider:3 | Found a frozen archway.
 31835 | IceCv    | Entered an ice cave
 32987 | Spider:3 | Identified the serpent talisman of the Old and Reckless
                  | {Fly}
 32987 | Spider:3 | Noticed Aizul
 32998 | Spider:3 | Killed Aizul
 32999 | Spider:3 | Reached skill level 10 in Shields
 33392 | Spider:4 | Entered Level 4 of the Spider Nest
 33903 | Spider:4 | Got a gossamer rune of Zot
 34300 | Spider:4 | Bought a scroll labelled BYMUSO ZETOPAD for 28 gold pieces
 34730 | Swamp:1  | Entered Level 1 of the Swamp
 34900 | Swamp:1  | Reached XP level 18. HP: 133/133 MP: 9/18
 35051 | Swamp:1  | Reached skill level 15 in Fighting
 35198 | Swamp:1  | Paralysed by a fenstrider witch for 5 turns
 35210 | Swamp:1  | Paralysed by a fenstrider witch for 4 turns
 35480 | Swamp:2  | Found a transporter.
 35511 | Swamp:2  | Found a transporter.
 36060 | Swamp:2  | Noticed a Brimstone Fiend
 36062 | Swamp:2  | Gained mutation: You are vulnerable to heat. (rF-)
                  | [mutagenic glow]
 36066 | Swamp:2  | Noticed a Hell Sentinel
 36069 | Swamp:2  | Identified the ring "Wofugaev" {Fly rC+ rN++ Str-4}
 36073 | Swamp:2  | HP: 5/174 [Hell Sentinel[a Zot trap] (21)]
 36079 | Swamp:2  | Gained mutation: Your body sometimes deteriorates upon
                  | taking damage. [mutagenic glow]
 36102 | Swamp:1  | Gained mutation: Your body often deteriorates upon taking
                  | damage. [mutagenic glow]
 36103 | Swamp:1  | Lost mutation: Your body often deteriorates upon taking
                  | damage. [potion of mutation]
 36103 | Swamp:1  | Lost mutation: Your body sometimes deteriorates upon taking
                  | damage. [potion of mutation]
 36103 | Swamp:1  | Lost mutation: You are vulnerable to heat. (rF-) [potion of
                  | mutation]
 36103 | Swamp:1  | Gained mutation: Your system is resistant to poisons.
                  | (rPois) [potion of mutation]
 36103 | Swamp:1  | Gained mutation: You are dopey. (Int -2) [potion of
                  | mutation]
 36420 | Swamp:3  | Acquired a +3 double sword of flaming
 36554 | Swamp:3  | Identified the +5 long sword of Outrage {freeze, rCorr
                  | Str+3}
 37157 | Swamp:4  | Entered Level 4 of the Swamp
 38078 | Swamp:4  | Noticed a bone dragon
 38111 | Swamp:4  | Killed a bone dragon
 38163 | Swamp:4  | Got a decaying rune of Zot
 38548 | Vaults:1 | Entered Level 1 of the Vaults
 38556 | Vaults:1 | Reached XP level 19. HP: 141/141 MP: 10/19
 38910 | Vaults:1 | You fall into a shaft and drop 1 floor!
 39240 | Vaults:2 | Reached skill level 15 in Shields
 40586 | Vaults:1 | Reached XP level 20. HP: 151/151 MP: 20/20
 41555 | Elf:1    | Entered Level 1 of the Elven Halls
 41681 | Elf:1    | Found Kenguena's Antique Weapon Shoppe.
 41767 | Elf:1    | Identified the +0 hat "Cistreh" {+Blink}
 41781 | Elf:1    | Got Sif Muna's Omnibus of the Weird Damned
 41874 | Elf:1    | Found Lifrull's General Store.
 42015 | Elf:1    | Found Giumint's Weapon Emporium.
 42297 | Elf:1    | Got Sif Muna's Treatise on the Crucible
 43320 | Elf:2    | Acquired a manual of Evocations
 43495 | Elf:2    | Identified the +3 leather armour "Hiaggiy" {*Corrode Str+3
                  | Int+5}
 43522 | Elf:2    | Found a huge runed translucent gate.
 43522 | Elf:2    | Found a huge runed translucent gate.
 43522 | Elf:2    | Found a huge runed translucent gate.
 43522 | Elf:2    | Found a huge runed translucent gate.
 43523 | Elf:2    | Found a huge runed translucent gate.
 43992 | Elf:2    | Reached XP level 21. HP: 159/159 MP: 21/21
 44164 | Elf:2    | Identified the blade talisman of Beogh's Approval {rC++
                  | Int+2 Dex-5 SInv}
 44319 | Elf:3    | Entered Level 3 of the Elven Halls
 44428 | Elf:3    | Found a flickering gateway to a bazaar.
 44443 | Bazaar   | Entered a bazaar
 44443 | Bazaar   | Found Dicwuuj's Antique Weapon Boutique.
 44443 | Bazaar   | Found Iwnunlye's Armour Shop.
 44466 | Bazaar   | Found Opnoint's Armour Shop.
 44472 | Bazaar   | Found Acuuvib's Magic Scroll Emporium.
 44481 | Bazaar   | Bought a scroll of teleportation for 24 gold pieces
 44481 | Bazaar   | Bought a scroll of blinking for 60 gold pieces
 44481 | Bazaar   | Bought a scroll of teleportation for 24 gold pieces
 44481 | Bazaar   | Bought a scroll of teleportation for 24 gold pieces
 44481 | Bazaar   | Bought a scroll of fog for 32 gold pieces
 44481 | Bazaar   | Bought a scroll of fog for 32 gold pieces
 44481 | Bazaar   | Bought a scroll of vulnerability for 32 gold pieces
 44481 | Bazaar   | Bought a scroll of amnesia for 32 gold pieces
 44755 | Elf:3    | Found a transporter.
 44982 | Elf:3    | Found a bloodstained altar of Trog.
 44992 | Elf:3    | Found a transporter.
 44994 | Elf:3    | Noticed KimchiStew's ghost (adept HuWn)
 45601 | Elf:3    | Paralysed by an air elemental for 1 turns
 45613 | Abyss:3  | Cast into level 3 of the Abyss (a deep elf sorcerer)
 45631 | Abyss:3  | Found a corrupted altar of Lugonu.
 45640 | Abyss:3  | Found a corrupted altar of Lugonu.
 45661 | Abyss:3  | Found a corrupted altar of Lugonu.
 45706 | Abyss:3  | Found a corrupted altar of Lugonu.
 45846 | Abyss:3  | Found a corrupted altar of Lugonu.
 45875 | Elf:3    | Escaped the Abyss
 45918 | Abyss:3  | Cast into level 3 of the Abyss (a deep elf sorcerer)
 45934 | Abyss:3  | Found a corrupted altar of Lugonu.
 45987 | Abyss:3  | Found a corrupted altar of Lugonu.
 45993 | Abyss:3  | Found a corrupted altar of Lugonu.
 45993 | Abyss:3  | Found a corrupted altar of Lugonu.
 46016 | Abyss:3  | Noticed a bone dragon
 46032 | Abyss:3  | Killed a bone dragon
 46061 | Abyss:3  | Paralysed by accursed screaming for 1 turns
 46066 | Abyss:3  | Paralysed by accursed screaming for 1 turns
 46087 | Abyss:3  | Noticed a bone dragon
 46101 | Abyss:3  | Killed a bone dragon
 46102 | Abyss:3  | Paralysed by accursed screaming for 1 turns
 46109 | Abyss:3  | Paralysed by accursed screaming for 2 turns
 46118 | Abyss:3  | Paralysed by accursed screaming for 1 turns
 46119 | Abyss:3  | Noticed a profane servitor
 46410 | Elf:3    | Escaped the Abyss
 46808 | Elf:3    | Gained mutation: You are clumsy. (Dex -2) [a neqoxec]
 46835 | Elf:3    | Identified the +3 kite shield of Buaxapn {Int+3}
 46892 | Elf:3    | Found the amulet of Elemental Vulnerability {rPois rF--
                  | rC-- AC+8}
 46917 | Elf:3    | Identified the ring of Ublinogap {rC+ Dex+6 Stlth+}
 46949 | Elf:3    | Identified the ring of Brilliance {+Blink rC- EV+5 Str+3}
 46960 | Elf:3    | Got the Quarto of Wounds
 46961 | Elf:3    | Identified the +6 dagger of Tiosois {freeze, rElec Int+4}
 46973 | Elf:3    | Identified the +10 dire flail of Biux {freeze, +Blink rCorr
                  | Dex+3}
 47559 | Vaults:3 | Identified the maw talisman of Gallantry {rElec}
 47563 | Vaults:3 | Bought the ring of Dutom {Str+3 Dex+6 SInv} for 909 gold
                  | pieces
 47675 | Vaults:3 | Reached XP level 22. HP: 169/169 MP: 22/22
 47786 | Vaults:3 | Found a runed translucent gate.
 47786 | Vaults:3 | Found a runed translucent gate.
 47786 | Vaults:3 | Found a runed translucent gate.
 47790 | Vaults:3 | Noticed phunky83's ghost (adept MiFi)
 48142 | Vaults:3 | Found a staircase to the Crypt.
 48865 | Vaults:4 | Found Akluack's Weapon Emporium.
 49579 | Vaults:4 | Found a transporter.
 50008 | Vaults:5 | Entered Level 5 of the Vaults
 50172 | Vaults:5 | Identified the +0 morningstar of the Volcano {flame, rPois}
 50244 | Vaults:5 | Noticed a golden dragon
 50250 | Vaults:5 | Killed a golden dragon
 50329 | Vaults:5 | Found Vixewit's Jewellery Shop.
 50340 | Vaults:5 | Acquired the +4 kite shield "Cihoc" {rC+}
 50456 | Vaults:5 | Noticed Xtahua
 50489 | Vaults:5 | Noticed a golden dragon
 50491 | Vaults:5 | Noticed a golden dragon
 50494 | Vaults:5 | Reached XP level 23. HP: 177/177 MP: 23/23
 50497 | Vaults:5 | Killed a golden dragon
 50504 | Vaults:5 | Killed a golden dragon
 50514 | Vaults:5 | Your ally Xtahua died
 50524 | Vaults:5 | Identified the +1 flail "Ushunn" {freeze, MP+9}
 50859 | Vaults:5 | Got a silver rune of Zot
 51455 | Depths:1 | Entered Level 1 of the Depths
 51489 | Depths:1 | Reached skill level 15 in Long Blades
 51616 | Depths:1 | Found a gateway to Hell.
 51654 | Depths:1 | Reached skill level 1 in Invocations
 51807 | Depths:1 | Noticed Norris
 51850 | Depths:1 | Killed Norris
 52282 | Depths:1 | Found a shimmering blue altar of Sif Muna.
 52481 | Depths:2 | Found a corrupted altar of Lugonu.
 52482 | Depths:2 | Found a one-way gate to the infinite horrors of the Abyss.
 52710 | Depths:2 | Learned a level 4 spell: Manifold Assault
 52729 | Depths:2 | Noticed a golden dragon
 52744 | Depths:2 | Killed a golden dragon
 52981 | Depths:2 | Found a one-way gate leading to the halls of Pandemonium.
 53091 | Depths:2 | Identified the +7 hand axe of the Mind {freeze, rF+ SInv}
 53335 | D:11     | Killed MirrMurr's ghost
 53489 | D:15     | Killed Roxanne
 54026 | Orc:1    | Killed Byodudul's ghost
 54242 | Elf:3    | Killed KimchiStew's ghost
 54277 | Elf:3    | Got the Compilation of the Torrid Beaker
 54280 | Elf:3    | Identified the +0 pair of gloves of Irhyriog {Will++}
 54762 | Vaults:3 | Killed phunky83's ghost
 54852 | Vaults:3 | Identified the +0 pair of boots of Zatof {Slay+3}
 54854 | Vaults:3 | Reached skill level 5 in Invocations
 54854 | Vaults:3 | Reached XP level 24. HP: 185/185 MP: 25/26
 55406 | Depths:3 | Reached XP level 25. HP: 191/191 MP: 27/27
 55532 | Depths:3 | Noticed a dread lich
 55547 | Depths:3 | Killed a dread lich
 55968 | Depths:4 | Entered Level 4 of the Depths
 56001 | Depths:4 | Found a one-way gateway to a ziggurat.
 56114 | Depths:4 | Found a gate to the Realm of Zot.
 56501 | Depths:4 | Noticed a juggernaut
 56509 | Depths:4 | Killed a juggernaut
 57181 | Orc:2    | Bought a potion of curing for 36 gold pieces
 57181 | Orc:2    | Bought a potion of curing for 36 gold pieces
 57181 | Orc:2    | Bought 2 potions of resistance for 240 gold pieces
 57181 | Orc:2    | Bought a potion of ambrosia for 96 gold pieces
 57181 | Orc:2    | Bought a potion of cancellation for 96 gold pieces
 57181 | Orc:2    | Bought a potion of might for 48 gold pieces
 57181 | Orc:2    | Bought a potion of attraction for 36 gold pieces
 57183 | Orc:2    | Bought a scroll of fear for 48 gold pieces
 57183 | Orc:2    | Bought a potion of resistance for 120 gold pieces
 57183 | Orc:2    | Bought 2 potions of curing for 72 gold pieces
 57183 | Orc:2    | Bought a scroll of immolation for 48 gold pieces
 57186 | Orc:2    | Bought a scroll of enchant weapon for 90 gold pieces
 57187 | Orc:2    | Bought a potion of might for 60 gold pieces
 57187 | Orc:2    | Bought a scroll of teleportation for 45 gold pieces
 57187 | Orc:2    | Bought a potion of mutation for 120 gold pieces
 57200 | Orc:2    | Bought a potion of lignification for 36 gold pieces
 57200 | Orc:2    | Bought a potion of curing for 36 gold pieces
 57200 | Orc:2    | Bought a potion of mutation for 96 gold pieces
 57200 | Orc:2    | Bought a potion of curing for 36 gold pieces
 57200 | Orc:2    | Bought a potion of curing for 36 gold pieces
 57201 | Orc:2    | Bought a potion of haste for 170 gold pieces
 57201 | Orc:2    | Bought a scroll of butterflies for 68 gold pieces
 57332 | D:12     | Bought a potion of enlightenment for 90 gold pieces
 57332 | D:12     | Bought a potion of attraction for 54 gold pieces
 57332 | D:12     | Bought a potion of might for 72 gold pieces
 57332 | D:12     | Bought a potion of lignification for 54 gold pieces
 57332 | D:12     | Bought a potion of resistance for 180 gold pieces
 57441 | D:8      | Bought a scroll of brand weapon for 142 gold pieces
 57647 | Spider:4 | Bought a potion of curing for 84 gold pieces
 57802 | Swamp:1  | Bought a scroll of revelation for 120 gold pieces
 57802 | Swamp:1  | Bought a scroll of silence for 152 gold pieces
 57802 | Swamp:1  | Bought a scroll of teleportation for 48 gold pieces
 57910 | Slime:1  | Entered Level 1 of the Pits of Slime
 58017 | Slime:1  | Lost mutation: You are clumsy. (Dex -2) [a shining eye]
 58024 | Slime:1  | Gained mutation: You are weak. (Str -2) [a shining eye]
 59066 | Slime:4  | Gained mutation: You occasionally lose the ability to drink
                  | potions when taking damage. [a shining eye]
 59072 | Slime:4  | Noticed Dissolution
 59082 | Slime:4  | Killed Dissolution
 59221 | Slime:3  | Reached XP level 26. HP: 199/199 MP: 29/29
 59408 | Slime:3  | Gained mutation: Your magical capacity is low. (-10% MP) [a
                  | shining eye]
 59503 | Slime:5  | Entered Level 5 of the Pits of Slime
 59911 | Slime:5  | Noticed the Royal Jelly
 59934 | Slime:5  | Killed the Royal Jelly
 60095 | Slime:5  | Identified the +10 trident of Utuag {freeze, rF++}
 60096 | Slime:5  | Identified the +4 falchion "Wauquke" {freeze, rC- Int+3
                  | Dex+3 SInv}
 60097 | Slime:5  | Identified the +6 great sword of Devotion {spect, Str+2
                  | Int+2 Stlth+}
 60144 | Slime:5  | Got a slimy rune of Zot
 60155 | Slime:5  | Got Hagotud's Experienced Thaumaturgy
 60268 | Slime:5  | Identified the +9 scimitar of the Unspeakable One {freeze,
                  | rF+}
 60271 | Slime:5  | Identified the +9 glaive of Hiskyfim {holy, Int+6}
 60852 | Zot:1    | Entered Level 1 of the Realm of Zot
 61001 | Zot:1    | Found a transporter.
 61109 | Zot:1    | Reached skill level 10 in Invocations
 62738 | Zot:3    | Reached XP level 27. HP: 207/207 MP: 28/28
 63045 | Zot:4    | Noticed Grunn
 63064 | Zot:4    | Killed Grunn
 63616 | Zot:4    | Found a transporter.
 63662 | Zot:4    | Found a transporter.
 63678 | Zot:4    | Found a transporter.
 63962 | Zot:4    | Found a transporter.
 64070 | Zot:5    | Entered Level 5 of the Realm of Zot
 64342 | Zot:5    | Noticed an ancient lich
 64344 | Zot:5    | Noticed an orb of fire
 64348 | Zot:5    | Killed an orb of fire
 64358 | Zot:5    | Noticed an ancient lich
 64360 | Zot:5    | Killed an ancient lich
 64363 | Zot:5    | Noticed an orb of fire
 64371 | Zot:5    | Killed an ancient lich
 64678 | Zot:5    | Gained mutation: You sometimes lose the ability to drink
                  | potions when taking damage. [an orb of fire]
 64681 | Zot:5    | Gained mutation: Your magical capacity is very low. (-20%
                  | MP) [an orb of fire]
 64684 | Zot:5    | Gained mutation: Your spells are a little easier to cast,
                  | but a little less powerful. [an orb of fire]
 64686 | Zot:5    | Lost mutation: Your system is resistant to poisons. (rPois)
                  | [an orb of fire]
 64688 | Zot:5    | Gained mutation: You are clumsy. (Dex -2) [an orb of fire]
 64690 | Zot:5    | Killed an orb of fire
 64755 | Zot:5    | Got the Annotations on the Torch
 65391 | Depths:3 | Voluntarily entered the Abyss.
 65464 | Abyss:3  | Identified the +7 battleaxe of Reapportionment {speed,
                  | Int+3}
 65571 | Abyss:3  | Noticed a dread lich
 65574 | Abyss:3  | Paralysed by a dread lich for 4 turns
 65580 | Abyss:3  | Killed a dread lich
 65810 | Abyss:3  | Noticed a dread lich
 65823 | Abyss:3  | Paralysed by a dread lich for 4 turns
 65837 | Abyss:3  | Killed a dread lich
 65838 | Abyss:3  | Reached skill level 15 in Invocations
 66357 | Abyss:3  | Found a glowing golden altar of the Shining One.
 66396 | Abyss:3  | Noticed a juggernaut
 66407 | Abyss:3  | Killed a juggernaut
 66410 | Abyss:3  | Got an abyssal rune of Zot
 66437 | Abyss:3  | Found a corrupted altar of Lugonu.
 66674 | Abyss:3  | Paralysed by accursed screaming for 1 turns
 66757 | Depths:3 | Escaped the Abyss
 68013 | Vaults:5 | Bought a +6 ring of dexterity for 720 gold pieces
 68064 | Vaults:3 | Bought the ring of Xuxudamu {rPois rC+++ Will- rCorr Int+6}
                  | for 1421 gold pieces
 68506 | D:4      | Fell from the grace of Gozag
 68506 | D:4      | Became a worshipper of the Shining One
 68816 | Crypt:1  | Entered Level 1 of the Crypt
 68835 | Crypt:1  | Reached * piety under the Shining One
 68855 | Crypt:1  | Reached ** piety under the Shining One
 68865 | Crypt:1  | Noticed an ancient lich
 68930 | Crypt:1  | Reached *** piety under the Shining One
 69037 | Crypt:1  | Reached **** piety under the Shining One
 69087 | Crypt:1  | Reached ***** piety under the Shining One
 69095 | Crypt:1  | Killed an ancient lich
 69251 | Crypt:1  | Paralysed by a vampire knight for 4 turns
 69730 | Crypt:2  | Reached ****** piety under the Shining One
 69749 | Crypt:2  | Identified a +9 double sword of holy wrath (a +8 double
                  | sword of draining blessed by the Shining One)
 69749 | Crypt:2  | Received a gift from the Shining One
 70051 | Crypt:2  | Found an ancient bone altar of Kikubaaqudgha.
 70116 | Crypt:2  | Noticed Mennas
 70121 | Crypt:2  | Killed Mennas
 70428 | Crypt:3  | Entered Level 3 of the Crypt
 70720 | Crypt:3  | Noticed a royal mummy
 70720 | Crypt:3  | Noticed a royal mummy
 70720 | Crypt:3  | Noticed Khufu
 70749 | Crypt:3  | Killed Khufu
 70752 | Crypt:3  | Killed a royal mummy
 70756 | Crypt:3  | Killed a royal mummy
 70817 | Crypt:3  | Identified the +1 short sword of Blood-Lust {drain, rPois
                  | Int+3}
 70947 | Crypt:3  | Found a staircase to the Tomb.
 71232 | Crypt:3  | Noticed Bai Suzhen
 71242 | Crypt:3  | Killed Bai Suzhen
 71420 | Crypt:3  | Found an ancient bone altar of Kikubaaqudgha.
 71422 | Crypt:3  | Noticed an ancient lich
 71426 | Crypt:3  | Killed an ancient lich
 71442 | Crypt:3  | Identified the ring of Nafidghe {rN+ Will+}
 71442 | Crypt:3  | Identified the ring "Poyjish" {rPois rN+ Str+2 Stlth+}
 71443 | Crypt:3  | Identified the +3 long sword of Quantum Leap {flame, rElec}
 71454 | Crypt:3  | Noticed an ancient lich
 71460 | Crypt:3  | Killed an ancient lich
 71790 | Crypt:2  | Found a basalt altar of Yredelemnul.
 72054 | Hell     | Entered the Vestibule of Hell
 72054 | Hell     | Noticed Geryon
 72104 | Hell     | Killed Geryon
 72194 | Hell     | Found a gateway to the freezing wastes of Cocytus.
 72268 | Hell     | Found a gateway to the Iron City of Dis.
 72299 | Hell     | Found a gateway to the ashen valley of Gehenna.
 72375 | Hell     | Found a gateway to the decaying netherworld of Tartarus.
 72480 | Depths:2 | Upgraded the game from 0.31-a0-1352-gc98d92de7d to
                  | 0.31-a0-1370-gf52a5a9ab3
 72482 | Pan      | Entered Pandemonium
 72522 | Pan      | Found an exit through the horrors of the Abyss.
 72671 | Pan      | Noticed Sowoix the pandemonium lord
 72684 | Pan      | Killed Sowoix the pandemonium lord
 72780 | Pan      | Gained mutation: You occasionally shout uncontrollably at
                  | your foes. [a neqoxec]
 72803 | Pan      | Lost mutation: You are clumsy. (Dex -2) [potion of
                  | mutation]
 72803 | Pan      | Lost mutation: You occasionally shout uncontrollably at
                  | your foes. [potion of mutation]
 72803 | Pan      | Lost mutation: You sometimes lose the ability to drink
                  | potions when taking damage. [potion of mutation]
 72853 | Pan      | Reached skill level 1 in Spellcasting
 73132 | Pan      | Entered the realm of Gloorx Vloq.
 73230 | Pan      | Noticed Gloorx Vloq
 73236 | Pan      | Killed Gloorx Vloq
 73247 | Pan      | Got a dark rune of Zot
 73278 | Pan      | Reached skill level 5 in Spellcasting
 73532 | Pan      | Found an exit through the horrors of the Abyss.
 73769 | Pan      | Was forgiven by Gozag
 73777 | Pan      | Noticed Loffit the pandemonium lord
 73783 | Pan      | Killed Loffit the pandemonium lord
 73798 | Pan      | Got a demonic rune of Zot
 73917 | Pan      | Entered the realm of Mnoleg.
 73919 | Pan      | Gained mutation: You are vulnerable to cold. (rC-) [a
                  | cacodemon]
 73922 | Pan      | Gained mutation: You have hidden genetic defects. [a
                  | cacodemon]
 73926 | Pan      | Gained mutation: Your body sometimes deteriorates upon
                  | taking damage. [a cacodemon]
 73943 | Pan      | Lost mutation: You occasionally lose the ability to drink
                  | potions when taking damage. [potion of mutation]
 73943 | Pan      | Lost mutation: Your spells are a little easier to cast, but
                  | a little less powerful. [potion of mutation]
 73943 | Pan      | Lost mutation: Your magical capacity is very low. (-20% MP)
                  | [potion of mutation]
 73943 | Pan      | Gained mutation: You occasionally lose the ability to read
                  | scrolls when taking damage. [potion of mutation]
 73943 | Pan      | Lost mutation: You are weak. (Str -2) [potion of mutation]
 73944 | Pan      | Lost mutation: You occasionally lose the ability to read
                  | scrolls when taking damage. [potion of mutation]
 73944 | Pan      | Lost mutation: You have hidden genetic defects. [potion of
                  | mutation]
 73944 | Pan      | Gained mutation: You have hidden genetic defects. [potion
                  | of mutation]
 73944 | Pan      | Gained mutation: You are clumsy. (Dex -2) [potion of
                  | mutation]
 73945 | Pan      | Lost mutation: You are clumsy. (Dex -2) [potion of
                  | mutation]
 73945 | Pan      | Lost mutation: You have hidden genetic defects. [potion of
                  | mutation]
 73945 | Pan      | Lost mutation: You are vulnerable to cold. (rC-) [potion of
                  | mutation]
 73945 | Pan      | Gained mutation: Your skin blends seamlessly with your
                  | surroundings (Stealth++). [potion of mutation]
 73951 | Pan      | Noticed Mnoleg
 73958 | Pan      | Killed Mnoleg
 73981 | Pan      | Gained mutation: Your spells are a little harder to cast,
                  | but a little more powerful. [a neqoxec]
 74008 | Pan      | Got a glowing rune of Zot
 74160 | Pan      | Found a transporter.
 74279 | Pan      | Found a transporter.
 75178 | Pan      | Entered the realm of Cerebov.
 75270 | Pan      | Found the +6 sword of Cerebov {flame}
 75270 | Pan      | Noticed Cerebov
 75278 | Pan      | Identified the +1 tower shield "Fepagone" {Will+}
 75438 | Pan      | Killed Cerebov
 75450 | Pan      | Got a fiery rune of Zot
 75558 | Pan      | Entered the realm of Lom Lobon.
 75898 | Pan      | Noticed Lom Lobon
 75909 | Pan      | Killed Lom Lobon
 75928 | Pan      | Got a magical rune of Zot
 76130 | Pan      | Found an exit through the horrors of the Abyss.
 76372 | Pan      | Noticed Bybylo the pandemonium lord
 76384 | Pan      | Killed Bybylo the pandemonium lord
 76422 | Depths:2 | Escaped Pandemonium
 77468 | Hell     | Lost mutation: Your skin blends seamlessly with your
                  | surroundings (Stealth++). [potion of mutation]
 77468 | Hell     | Lost mutation: You are dopey. (Int -2) [potion of mutation]
 77468 | Hell     | Gained mutation: You are dopey. (Int -2) [potion of
                  | mutation]
 77468 | Hell     | Gained mutation: You are robust. (+10% HP) [potion of
                  | mutation]
 77544 | Tar:1    | Entered Level 1 of Tartarus
 77917 | Tar:3    | Noticed a dread lich
 77922 | Tar:3    | Killed a dread lich
 78253 | Tar:5    | Noticed an ancient lich
 78263 | Tar:5    | Killed an ancient lich
 78716 | Tar:7    | Entered Level 7 of Tartarus
 79550 | Tar:7    | Identified the ring of Fitutewe {Wiz rPois SInv Stlth+}
 79831 | Tar:7    | Noticed Ereshkigal
 79833 | Tar:7    | Paralysed by Ereshkigal for 2 turns
 79841 | Tar:7    | Killed Ereshkigal
 79911 | Tar:7    | Got Vehumet's Directory of Attacks
 79914 | Tar:7    | Identified the +5 lajatang "Octopus's Doom" {venom, rF++}
 79916 | Tar:7    | Identified the +0 ring mail "Owkiaw" {rF+}
 79918 | Tar:7    | Got a bone rune of Zot
 79920 | Tar:7    | Got the Spellbook of the Torrid Crypt
 79921 | Tar:7    | Identified the +7 dagger "Vafiplea" {venom, Will- Str+4}
 79925 | Tar:7    | Identified the +0 orcbow of the Madman {freeze, rC- Str+3
                  | SInv}
 80123 | Geh:1    | Entered Level 1 of Gehenna
 80550 | Geh:3    | Noticed an ancient lich
 80557 | Geh:3    | Reached skill level 27 in Dodging
 80561 | Geh:3    | Killed an ancient lich
 80562 | Geh:3    | Reached skill level 27 in Fighting
 80562 | Geh:3    | Reached skill level 27 in Shields
 81639 | Geh:7    | Entered Level 7 of Gehenna
 82201 | Geh:7    | Noticed the Serpent of Hell
 82217 | Geh:7    | Killed the Serpent of Hell
 82268 | Geh:7    | Identified the +0 whip "Zoejinunn" {flame, Str+3 Int+3
                  | Stlth+}
 82353 | Geh:7    | Identified the +6 plate armour "Guvyag" {Will+ Int+3}
 82367 | Geh:7    | Found the +13 sceptre of Asmodeus
 82367 | Geh:7    | Noticed Asmodeus
 82388 | Geh:7    | Killed Asmodeus
 82401 | Geh:7    | Got an obsidian rune of Zot
 82676 | Coc:1    | Entered Level 1 of Cocytus
 82974 | Coc:2    | Paralysed by a wendigo for 1 turns
 83261 | Coc:3    | Reached skill level 1 in Translocations
 83807 | Coc:5    | Paralysed by a wendigo for 1 turns
 84169 | Coc:7    | Entered Level 7 of Cocytus
 84176 | Coc:7    | Reached skill level 10 in Spellcasting
 84217 | Coc:7    | Reached skill level 5 in Translocations
 84712 | Coc:7    | Paralysed by a wendigo for 1 turns
 84764 | Coc:7    | Identified the +4 flail of Youthful Indiscretion {freeze,
                  | +Blink Str+3 Int+2}
 84820 | Coc:7    | Noticed Antaeus
 84824 | Coc:7    | Identified the +8 tower shield of Miaceor {-Tele +Inv
                  | rElec}
 85188 | Coc:7    | Killed Antaeus
 85202 | Coc:7    | Got an icy rune of Zot
 85327 | Dis:1    | Entered Level 1 of the Iron City of Dis
 85327 | Dis:1    | Noticed an ancient lich
 85334 | Dis:1    | Killed an ancient lich
 85507 | Dis:2    | Reached skill level 10 in Translocations
 86445 | Dis:7    | Entered Level 7 of the Iron City of Dis
 86606 | Dis:7    | Lost mutation: Your magical capacity is low. (-10% MP)
                  | [potion of mutation]
 86606 | Dis:7    | Lost mutation: Your body sometimes deteriorates upon taking
                  | damage. [potion of mutation]
 86606 | Dis:7    | Gained mutation: You possess an exceptional clarity of
                  | mind. [potion of mutation]
 86606 | Dis:7    | Lost mutation: Your spells are a little harder to cast, but
                  | a little more powerful. [potion of mutation]
 86606 | Dis:7    | Gained mutation: You passively map a small area around you.
                  | [potion of mutation]
 87050 | Dis:7    | Learned a level 4 spell: Passage of Golubria
 87088 | Dis:7    | Found the +7 mace of Variability {chaos, chaos arc}
 87306 | Dis:7    | Identified the amulet "Puma" {Acrobat +Blink Fly MP-9}
 87403 | Dis:7    | Noticed a juggernaut
 87410 | Dis:7    | Killed a juggernaut
 87410 | Dis:7    | Noticed a juggernaut
 87416 | Dis:7    | Killed a juggernaut
 87499 | Dis:7    | Noticed a juggernaut
 87506 | Dis:7    | Killed a juggernaut
 87813 | Dis:7    | Noticed Dispater
 87827 | Dis:7    | Killed Dispater
 87833 | Dis:7    | Identified the ring of Leaves {rF+ MP+9 Str+3}
 87838 | Dis:7    | Identified the amulet "Amupel" {Acrobat rPois Will- Int+7
                  | Dex-2}
 87842 | Dis:7    | Got an iron rune of Zot
 87845 | Dis:7    | Identified the ring of Voang {rF+ rC+ Dex+2}
 88386 | Tomb:1   | Entered Level 1 of the Tomb of the Ancients
 88484 | Tomb:1   | Reached skill level 15 in Translocations
 88736 | Tomb:1   | Noticed a royal mummy
 88756 | Tomb:1   | Killed a royal mummy
 88757 | Tomb:1   | Reached skill level 27 in Invocations
 88980 | Tomb:2   | Noticed a royal mummy
 88980 | Tomb:2   | Noticed a royal mummy
 88980 | Tomb:2   | Noticed a royal mummy
 88981 | Tomb:2   | Noticed a royal mummy
 88984 | Tomb:2   | Noticed a royal mummy
 89046 | Tomb:2   | Killed a royal mummy
 89054 | Tomb:2   | Killed a royal mummy
 89059 | Tomb:2   | Killed a royal mummy
 89094 | Tomb:2   | Killed a royal mummy
 89096 | Tomb:2   | Killed a royal mummy
 89415 | Tomb:1   | Noticed a royal mummy
 89418 | Tomb:1   | Killed a royal mummy
 89475 | Tomb:1   | Noticed a royal mummy
 89479 | Tomb:1   | Noticed a royal mummy
 89481 | Tomb:1   | Killed a royal mummy
 89485 | Tomb:1   | Killed a royal mummy
 89523 | Tomb:1   | Noticed a royal mummy
 89530 | Tomb:1   | Killed a royal mummy
 89535 | Tomb:1   | Noticed a royal mummy
 89537 | Tomb:1   | Killed a royal mummy
 89543 | Tomb:1   | Noticed a royal mummy
 89545 | Tomb:1   | Killed a royal mummy
 89594 | Tomb:1   | Noticed a royal mummy
 89599 | Tomb:1   | Killed a royal mummy
 89639 | Tomb:1   | Noticed a royal mummy
 89640 | Tomb:1   | Noticed a royal mummy
 89642 | Tomb:1   | Killed a royal mummy
 89643 | Tomb:1   | Killed a royal mummy
 89749 | Tomb:3   | Entered Level 3 of the Tomb of the Ancients
 89767 | Tomb:3   | Noticed a royal mummy
 89767 | Tomb:3   | Noticed a royal mummy
 89769 | Tomb:3   | Noticed a royal mummy
 89774 | Tomb:3   | Killed a royal mummy
 89775 | Tomb:3   | Gained mutation: You occasionally lose the ability to drink
                  | potions when taking damage. [mutagenic glow]
 89782 | Tomb:3   | Gained mutation: Your body sometimes deteriorates upon
                  | taking damage. [mutagenic glow]
 89788 | Tomb:3   | Killed a royal mummy
 89793 | Tomb:3   | Noticed a royal mummy
 89798 | Tomb:3   | Killed a royal mummy
 89798 | Tomb:3   | Gained mutation: Your health recovers twice as slowly from
                  | being drained. [mutagenic glow]
 89805 | Tomb:3   | Killed a royal mummy
 89806 | Tomb:3   | Reached skill level 15 in Spellcasting
 89806 | Tomb:3   | Gained mutation: Your magical capacity is low. (-10% MP)
                  | [mutagenic glow]
 89813 | Tomb:3   | Lost mutation: You are robust. (+10% HP) [mutagenic glow]
 89823 | Tomb:3   | Gained mutation: You have a pair of small antennae on your
                  | head. [mutagenic glow]
 89834 | Tomb:3   | Gained mutation: You are weak. (Str -2) [mutagenic glow]
 89840 | Tomb:3   | Gained mutation: You are clumsy. (Dex -2) [mutagenic glow]
 89848 | Tomb:3   | Gained mutation: You are very dopey. (Int -4) [mutagenic
                  | glow]
 89883 | Tomb:3   | Noticed a royal mummy
 89886 | Tomb:3   | Killed a royal mummy
 89886 | Tomb:3   | Noticed a royal mummy
 89888 | Tomb:3   | Noticed a royal mummy
 89889 | Tomb:3   | Killed a royal mummy
 89896 | Tomb:3   | Killed a royal mummy
 89900 | Tomb:3   | Noticed a royal mummy
 89903 | Tomb:3   | Noticed a royal mummy
 89907 | Tomb:3   | Killed a royal mummy
 89908 | Tomb:3   | Killed a royal mummy
 90012 | Tomb:3   | Got a golden rune of Zot
 90938 | Zot:5    | Got the Orb of Zot
 90962 | Zot:5    | Noticed Eshiofop the pandemonium lord
 90968 | Zot:5    | Killed Eshiofop the pandemonium lord
 91025 | Zot:5    | Noticed Pikk the pandemonium lord
 91031 | Zot:5    | Killed Pikk the pandemonium lord
 91035 | Zot:5    | Noticed Apus the pandemonium lord
 91445 | D:9      | Noticed Cuthoxir the pandemonium lord
 91453 | D:9      | Killed Cuthoxir the pandemonium lord
 91570 | D:6      | Noticed Heise the pandemonium lord
 91598 | D:3      | Noticed Reidainaq the pandemonium lord
 91602 | D:3      | Killed Reidainaq the pandemonium lord
 91652 | D:$      | Escaped with the Orb!

Illustrated notes

Levels and vault maps discovered:
D:1:      noname_arrival_rooms_in_the_neighbourhood, layout_basic,
          serial_bayou_pond_d
D:2:      layout_loops_ring, basic_altar, chequers_serial_rivers_small_b,
          grunt_ministairs_4, columned_hall_lemuel, minmay_between
D:3:      layout_basic, serial_bayou, serial_bayou_lake_a, serial_bayou_ford_a,
          serial_bayou_shore_a, serial_bayou_pond_d, uniq_jessica
D:4:      layout_loops_ring, kennysheep_mini_moat, nicolae_shop_gadgets
D:5:      layout_cave_pools, grunt_decor_arrowhead, grunt_decor_clamped
D:6:      layout_gridville, jmf_multi_god_temple2,
          minmay_temple_entry_nine_rooms, uniq_pikel, uniq_duvessa, uniq_grinder
D:7:      layout_basic, uniq_prince_ribbit1
D:8:      layout_basic, grunt_temple_overflow_lords_of_destruction,
          lemuel_round_altar, fedhas_altar_decomposition,
          hangedman_abyss_or_decor_stabs, grunt_ministairs_9,
          minmay_diamond_spiral, uniq_maurice
D:9:      layout_basic, david_lair_shrubbed, erik_orc_4
D:10:     layout_roguey, grunt_gozag_breadcrumbs, xom_shifter_show,
          minmay_mirror_moons_of_madness
D:11:     layout_basic, ebering_ghost_reflecting_pool
D:12:     layout_irregular_city, serial_shops, shop,
          chequers_serial_rivers_small_a
D:13:     layout_grid_maze, minmay_misc_feat_nine_boxes, uniq_azrael
D:14:     minmay_two_paths, layout_basic, hellmonk_vaults_order_and_chaos,
          grunt_decor_junction, uniq_kirke, uniq_louise
D:15:     gammafunk_enter_depths_forms, layout_irregular_city,
          serial_bayou_pond_b, uniq_josephine, uniq_roxanne
Temple:   cyrus_circular_temple
Lair:1:   layout_chaotic_city, enter_volcano_4
Lair:2:   layout_long_grid, grunt_forest_stairs_basic, serial_bayou_shore_b,
          uniq_fannar
Lair:3:   layout_regular_city, mainiacjoe_swamp_entry_angry_trees,
          spider_nest_entry_web_field, minmay_hedge_maze, fungi_pond_lemuel,
          serial_bayou_shore_b
Lair:4:   layout_cave_shapes, grunt_megastairs_2
Lair:5:   minmay_lair_end_enchanted_forest, layout_misc_corridors,
          minmay_slime_entry_pillars, serial_bayou_shore_b, serial_bayou_shore_b
Swamp:1:  layout_falls_marsh, evilmike_swamp_ruin_house_5
Swamp:2:  gammafunk_worm_tunnel, layout_basic_swamp,
          evilmike_swamp_ruin_house_3, swamp_pool_1_2
Swamp:3:  layout_basic_swamp, hangedman_swamp_ruin_wall,
          nicolae_swamp_tree_isthmus, infiniplex_staircase_pool_2,
          nicolae_swamp_decorative_isthmus
Swamp:4:  swamp_pestilence, layout_basic_swamp
Spider:1: layout_spider_delve
Spider:2: layout_chambers, worms_lemuel, uniq_nikola, uniq_asterion
Spider:3: layout_spider_delve, portal_ice_cave_entry_pillars_three, uniq_aizul
Spider:4: grunt_spider_rune_parallel
Slime:1:  cheibrodos_slime_lost_civilization_2, layout_caves
Slime:2:  layout_caves
Slime:3:  layout_caves
Slime:4:  layout_caves, uniq_dissolution
Slime:5:  slime_pit_nicolae_royal_road_to_ruin
Orc:1:    layout_caves, biasface_ghost_orc_armoury, serial_shops,
          nicolae_shop_tiny_statue_garden, basic_altar
Orc:2:    st_orc_ogre_mass, layout_diamond_mine, basic_altar,
          gauntlet_entry_generic, nicolae_orc_bridge_out
Elf:1:    cheibrodos_wizards_tower, layout_geoelf_octagon, serial_shops,
          nicolae_shop_stone, nicolae_shop_stone, shop,
          nicolae_elf_shapeshifter_party
Elf:2:    elven_hall_of_blades_hangedman_alternative
          [nicolae_blade_entry_floor_patterns], layout_gridlike
Elf:3:    elf_hall_gauntlet_wide, layout_loops_corners,
          gammafunk_ghost_wrathful_warriors, serial_shops, bzr_entry_dummy
Vaults:1: nicolae_vaults_quartermaster, v_misc_12,
          nicolae_vaults_storage_room_water, dpeg_vaults_monster_box,
          nicolae_vaults_lightning_bolt, v_alt_pattern_1,
          nicolae_vaults_trapezoid_lopsided_3, nicolae_vaults_hallways_thing,
          v_misc_9, v_misc_23, nicolae_vaults_little_squares_2,
          layout_vaults_omnibox
Vaults:2: vaults_room_corners, vaults_room_boxed, ontoclasm_vaults_shuriken,
          ontoclasm_vaults_chip, hangedman_vaults_hard_town_square, v_misc_12,
          ontoclasm_vaults_loading_screen, nicolae_vaults_cochlea,
          nicolae_vaults_hexular_roomagon, vaults_room_semicircle,
          nicolae_vaults_closet_pinwheel_6, layout_vaults_ring
Vaults:3: gammafunk_ghost_tricky_traps, hangedman_vaults_corner,
          minmay_crypt_entry_simple_walls, nicolae_vaults_circle_grid_b,
          nicolae_vaults_heist, vaults_room_stairs_pillars,
          nicolae_vaults_shelves_hall, nicolae_vaults_little_ls, v_misc_28,
          v_misc_25, hangedman_vaults_impose, nicolae_vaults_spaceships,
          ontoclasm_vaults_bender, layout_vaults_maze_bifur
Vaults:4: emtedronai_trogs_sanctum, nicolae_vaults_apartment_2,
          nicolae_vaults_offset_grid_hallway_3, nicolae_vaults_sealed_display,
          hangedman_vaults_trim, nicolae_vaults_apartment_2,
          vaults_standard_mumra_x, nicolae_vaults_taking_the_gang_shopping,
          nicolae_vaults_double_plus_1, layout_vaults_chaotic_city
Vaults:5: serial_shops, uniq_xtahua
Crypt:1:  layout_gridlike, grunt_crypt_arrival_guarded_gate
Crypt:2:  layout_misc_corridors, basic_altar, minivault_24, lemuel_elevator,
          lemuel_upstairs_altar, grunt_megastairs_5, uniq_mennas
Crypt:3:  quadcrypt_mu, uniq_bai_suzhen, uniq_khufu
Tomb:1
Tomb:2
Tomb:3
Depths:1: layout_gridlike, grunt_mini_vestibule, led_sif_pool,
          serial_bayou_pond_a, minmay_misc_feat_diagonals,
          minmay_misc_feat_tower, serial_sigils_hangedman_gut,
          amcnicky_mini_pool_small, grunt_ministairs_14, serial_bayou_shore_b,
          uniq_norris
Depths:2: minmay_glassy_protrusions, layout_basic,
          serial_library_hellmonk_room_c, hell_entry, abyss_entry_flame_altar,
          grunt_pan_entry_sceptre, evilmike_butchery
Depths:3: hangedman_cross_veins, layout_cave_pools, minmay_room_of_horrors,
          pf_hell_entry_great_geh, infiniplex_staircase_pillars_2
Depths:4: evilmike_zot_entry_round, layout_basic, enter_ziggurat_d,
          hangedman_tar_grid_catacomb, hangedman_decor_growths
Hell
Dis:1:    layout_gridville
Dis:2:    layout_jigsaw, nicolae_dis_scattering
Dis:3:    layout_subdivisions
Dis:4:    layout_subdivisions, nicolae_hells_fiendish_ambush
Dis:5:    layout_regular_city, nicolae_dis_metal_dragon_surprise
Dis:6:    layout_regular_city
Dis:7:    dis_grunt_layers
Geh:1:    layout_gehenna_lava_caves
Geh:2:    layout_gehenna_pools_basic
Geh:3:    layout_gehenna_pools_triple, nicolae_geh_lavax
Geh:4:    layout_gehenna_pools_box
Geh:5:    layout_gehenna_pools_box
Geh:6:    layout_gehenna_pools_basic
Geh:7:    geh_grunt
Coc:1:    layout_cocytus_water_paths
Coc:2:    layout_ice_bergs
Coc:3:    layout_ice_bergs
Coc:4:    layout_ice_bergs
Coc:5:    layout_ice_bergs
Coc:6:    layout_cocytus_water_paths
Coc:7:    coc_dpeg
Tar:1:    layout_grid_maze
Tar:2:    layout_cathedral_of_symmetry
Tar:3:    layout_grid_maze
Tar:4:    nicolae_hells_demon_pit, layout_cathedral_of_symmetry,
          nicolae_hells_seeping_fissure
Tar:5:    layout_grid_maze, nicolae_tar_cuneiform_oil
Tar:6:    layout_honeycomb, evilmike_ambush [evilmike_ambush_outer_basic,
          evilmike_ambush_inner_pond]
Tar:7:    tar_minmay_river
Zot:1:    layout_twisted_circle, hangedman_zot_gyre, nicolae_diode_basic
Zot:2:    ebering_greatest_show_in_zot, layout_misc_corridors, uniq_josephina
Zot:3:    layout_onion
Zot:4:    layout_twisted_circle, nicolae_diode_intersection, uniq_grunn
Zot:5:    layout_misc_corridors, skrybe_zot_glass_2

Skill      XL: |  1  2  3  4  5  6  7  8  9 10 11 12 13 14 15 16 17 18 19 20 21 22 23 24 25 26 27 |
---------------+----------------------------------------------------------------------------------+-----
Long Blades    | 3 4 5 6 10 11 14 15 16 | 16.0
Fighting       | 4 5 7 9 10 12 13 14 15 17 18 19 20 21 22 27 | 27.0
Dodging        | 4 5 7 9 12 13 14 15 16 18 19 20 21 22 27 | 27.0
Evocations     | 2 3 4 |  4.0
Shapeshifting  | 2 9 13 16 17 18 19 25 | 25.0
Shields        | 4 5 7 11 13 15 16 17 18 20 22 27 | 27.0
Invocations    | 5 8 11 27 | 27.0
Spellcasting   | 16 | 16.3
Translocations | 19 | 19.1

Action                     |  1- 3 |  4- 6 |  7- 9 | 10-12 | 13-15 | 16-18 | 19-21 | 22-24 | 25-27 || total
---------------------------+-------+-------+-------+-------+-------+-------+-------+-------+-------++-------
  Melee: Long sword        |    60 |    43 |       |       |       |       |       |       |       ||   103
         Constrict         |    22 |    25 |    33 |    85 |   131 |   172 |   185 |    84 |   622 ||  1359
         Tentacles         |    16 |    31 |    34 |   145 |   348 |   395 |   371 |   299 |  1876 ||  3515
         Dagger            |       |    70 |    16 |     4 |       |       |       |       |       ||    90
         Punch             |       |     1 |     3 |     7 |    28 |    25 |    23 |    17 |   135 ||   239
         Demon blade       |       |       |   142 |   560 |  1182 |  1301 |  1158 |   838 |  1990 ||  7171
         Double sword      |       |       |       |       |       |       |       |       |  3348 ||  3348
         Scimitar          |       |       |       |       |       |       |       |       |   283 ||   283
  Throw: Throwing net      |       |       |       |     1 |       |       |       |       |       ||     1
   Cast: Manifold Assault  |       |       |       |       |       |       |       |       |   178 ||   178
 Invoke: Call Merchant     |       |       |       |       |     4 |     2 |     1 |       |     2 ||     9
         Potion Petition   |       |       |       |       |       |     2 |     3 |       |     1 ||     6
         Bribe Branch      |       |       |       |       |       |       |       |     1 |     1 ||     2
         Summon Divine War |       |       |       |       |       |       |       |       |    71 ||    71
         Divine Shield     |       |       |       |       |       |       |       |       |    32 ||    32
         Cleansing Flame   |       |       |       |       |       |       |       |       |    23 ||    23
         Brand Weapon With |       |       |       |       |       |       |       |       |     1 ||     1
  Evoke: Wand              |       |       |     4 |    22 |    36 |     7 |       |       |    10 ||    79
    Use: Scroll            |       |     2 |    14 |     5 |    13 |    10 |     7 |     4 |    40 ||    95
         Potion            |       |     1 |       |     5 |     5 |     9 |     2 |     1 |    59 ||    82
   Stab: Sleeping          |     9 |     4 |     8 |     5 |     7 |     9 |    16 |    15 |    23 ||    96
         Distracted        |       |     1 |       |     3 |     9 |    10 |    12 |    18 |    52 ||   105
         Confused          |       |       |       |       |       |       |       |       |     1 ||     1
         Paralysed         |       |       |       |       |       |       |       |       |     1 ||     1
 Armour: Skin              |    17 |    33 |    47 |   177 |   280 |   891 |   376 |   138 |  1227 ||  3186
  Dodge: Dodged            |    29 |    95 |   114 |   479 |   828 |  2203 |   984 |   857 |  6772 || 12361
  Block: Buckler           |    10 |    16 |    30 |   122 |   191 |       |       |       |       ||   369
         Kite shield       |       |       |       |       |    58 |  1315 |  1017 |  1085 |  3374 ||  6849
         Tower shield      |       |       |       |       |       |       |       |       |  6285 ||  6285
   Form: Statue            |       |       |       |       |       |     2 |     1 |       |     2 ||     5
                           |       |       |       |       |       |     1 |     1 |       |     2 ||     4

Table legend: (Time is in decaauts)
 A = Elapsed time spent in this place.
 B = Non-inter-level travel time spent in this place.
 C = Inter-level travel time spent in this place.
 D = Time resting spent in this place.
 E = Time spent auto-exploring this place.
 F = Levels seen in this place.
 G = Mean time per level.
                   A        B        C        D        E       F      G
               +--------+--------+--------+--------+--------+-----+--------+
         Total | 119650 |  89061 |  30589 |   9024 |  52551 | 106 | 1128.8 |
       Dungeon |  25233 |  15242 |   9991 |   2727 |   9151 |  15 | 1682.2 |
        Temple |     42 |      9 |     33 |      0 |      0 |   1 |   42.0 |
          Lair |   9060 |   6072 |   2988 |   1246 |   3606 |   5 | 1812.0 |
         Swamp |   6572 |   5501 |   1071 |    651 |   3530 |   4 | 1643.0 |
   Spider Nest |   5662 |   5160 |    502 |    121 |   4048 |   4 | 1415.5 |
    Slime Pits |   3991 |   2704 |   1287 |     26 |   1773 |   5 |  798.2 |
  Orcish Mines |   3882 |   2240 |   1642 |    353 |   1153 |   2 | 1941.0 |
   Elven Halls |   6218 |   5121 |   1097 |    653 |   3127 |   3 | 2072.7 |
        Vaults |  11655 |   9013 |   2642 |    208 |   6732 |   5 | 2331.0 |
         Crypt |   5052 |   4193 |    859 |    103 |   2963 |   3 | 1684.0 |
          Tomb |   2850 |   1286 |   1564 |    308 |    255 |   3 |  950.0 |
        Depths |   6196 |   4869 |   1327 |      0 |   3691 |   4 | 1549.0 |
          Hell |    959 |    530 |    429 |     18 |    315 |   1 |  959.0 |
           Dis |   3637 |   2076 |   1561 |    142 |    849 |   7 |  519.6 |
       Gehenna |   3615 |   3106 |    509 |    307 |   2056 |   7 |  516.4 |
       Cocytus |   4225 |   3458 |    767 |    566 |   1568 |   7 |  603.6 |
      Tartarus |   3601 |   2455 |   1146 |    312 |   1351 |   7 |  514.4 |
           Zot |   7008 |   5842 |   1166 |     82 |   4329 |   5 | 1401.6 |
         Abyss |   2765 |   2765 |      0 |    371 |     18 |   3 |  921.7 |
   Pandemonium |   5621 |   5621 |      0 |    228 |   1524 |  11 |  511.0 |
        Bazaar |    172 |    172 |      0 |      0 |     67 |   1 |  172.0 |
      Ice Cave |    899 |    899 |      0 |    537 |    137 |   1 |  899.0 |
       Volcano |    429 |    429 |      0 |     32 |    188 |   1 |  429.0 |
      Gauntlet |    295 |    295 |      0 |     27 |    116 |   1 |  295.0 |
               +--------+--------+--------+--------+--------+-----+--------+

Top non-repeatable levels by time:
   Orc:2: 2959 daAuts
Vaults:1: 2770 daAuts
 Abyss:3: 2765 daAuts
   Elf:3: 2695 daAuts
    D:13: 2689 daAuts
Vaults:3: 2673 daAuts
     D:9: 2556 daAuts
 Crypt:3: 2550 daAuts
     D:8: 2434 daAuts
  Lair:4: 2404 daAuts
    D:15: 2309 daAuts
  Lair:3: 2257 daAuts
Vaults:2: 2232 daAuts
    D:14: 2225 daAuts
Depths:1: 2137 daAuts
